 Dungeon Crawl Stone Soup version 0.29.0-4-gdea44cf6ec (webtiles) character file.

Game seed: 17855110108372493166

531357 qw the Slayer (level 25, -36/162 HPs)
             Began as a Gargoyle Fighter on Sept 7, 2022.
             Was a High Priest of Okawaru.
             Killed from afar by an orb of fire (42 damage)
             ... with a bolt of fire
             ... on level 5 of the Realm of Zot.
             The game lasted 00:31:24 (59451 turns).

qw the Slayer (Gargoyle Fighter)                   Turns: 59451, Time: 00:31:25

Health: -36/162    AC: 48    Str: 44 (45) XL:     25   Next: 65%
Magic:  22/27      EV: 14    Int: 11 (13) God:    Okawaru [*****.]
Gold:   5562       SH: 30    Dex:  9      Spells: 24/24 levels left

rFire   + . .      SeeInvis +   w - +8 broad axe of Regicide {vorpal, rC+ SInv}
rCold   + + +      Faith    .   f - +2 tower shield
rNeg    + . .      Spirit   .   L - +9 plate armour of Roclenuvvo {Str+7}
rPois   inf        Reflect  +   C - +2 helmet {Int+3}
rElec   +          Harm     .   E - scarf {rC+ rF+}
rCorr   .          Rampage  +   z - +1 pair of gloves "Gisofaiw" {-Cast Rampage Will+++ Regen+}
Will    ++++.      NoCast   +   F - +0 pair of boots "Qiruwkatt" {Str+7}
Stlth   ..........              u - amulet of reflection
HPRegen 1.17/turn               s - +4 ring of protection
MPRegen 0.20/turn               n - +4 ring of slaying {mikee}

@: about to teleport, heroic, corroded, flying
A: sickness immunity, AC +19, big wings, negative energy resistance 1,
electricity resistance, torment resistance 1, petrification resistance, talons
1, cold resistance 1, frail 1, low MP 1, noise suppression
}: 3/15 runes: decaying, silver, gossamer
a: Renounce Religion, Heroism, Finesse, Duel


You were on level 5 of the Realm of Zot.
You worshipped Okawaru.
Okawaru was extremely pleased with you.
You visited 9 branches of the dungeon, and saw 45 of its levels.

You collected 7145 gold pieces.
You spent 1583 gold pieces at shops.


Innate Abilities, Weirdness & Mutations

You are immune to sickness and miasma.
Your stone body is resilient. (AC +19)
You are immune to poison.
Your large and strong wings let you fly.
You resist negative energy. (rN+)
You are resistant to electric shocks. (rElec)
You are resistant to unholy torment.
You are immune to petrification.
You have sharp toenails.
Your flesh is cold resistant. (rC+)
You are frail. (-10% HP)
Your magical capacity is low. (-10% MP)
You passively dampen the noise of your surroundings.


   Skills:
 + Level 24.6(27) Fighting
 - Level 18.0(23.0) Axes
 - Level 14.0(19.0) Throwing
 - Level 22.0(27) Armour
 - Level 10.0(15.0) Dodging
 - Level 22.0(27) Shields
 - Level 10.0 Invocations


You had 24 spell levels left.
You didn't know any spells.
Your spell library was empty.

Inventory:

Hand Weapons
 c - the +7 broad axe of Action {drain, Str+3}
   (Okawaru gifted it to you on level 4 of the Spider Nest)

   A truly terrible weapon, it drains the life of any living foe it strikes.
   Str:       It affects your strength (+3).
 w - the +8 broad axe of Regicide (weapon) {vorpal, rC+ SInv}
   (Okawaru gifted it to you on level 3 of the Realm of Zot)

   It inflicts extra damage upon your enemies.
   rC:        It protects you from cold.
   SInv:      It lets you see invisible.
Missiles
 t - 30 boomerangs
 y - 5 javelins (quivered)
 N - a silver javelin
Armour
 f - a +2 tower shield (worn)
 k - a +2 cloak of preservation
 r - a +1 cloak of willpower
 z - the +1 pair of gloves "Gisofaiw" (worn) {-Cast Rampage Will+++ Regen+}
   (Okawaru gifted it to you on level 4 of the Depths)

   -Cast:     It prevents spellcasting.
   Regen:     It increases your rate of health regeneration.
   Rampage:   It bestows one free step when moving towards enemies.
   Will:      It greatly increases your willpower.
 C - a +2 helmet of intelligence (worn)
 E - a scarf of resistance (worn)
 F - the +0 pair of boots "Qiruwkatt" (worn) {Str+7}
   (Okawaru gifted it to you on level 1 of the Vaults)

   Str:       It affects your strength (+7).
 L - the +9 plate armour of Roclenuvvo (worn) {Str+7}
   (You found it on level 5 of the Vaults)

   Str:       It affects your strength (+7).
Jewellery
 i - a +4 ring of evasion
 n - a +4 ring of slaying (right hand) {mikee}
 s - a +4 ring of protection (left hand)
 u - an amulet of reflection (around neck)
 D - the ring of Niloit {Fire rN+}
   (You found it on level 1 of the Swamp)

   [ring of fire]

   It enhances your fire magic.
   rF:        It protects you from fire.
   rC:        It makes you vulnerable to cold.
   rN:        It protects you from negative energy.
 O - a ring of protection from fire
 Y - a ring of protection from fire
Scrolls
 a - 19 scrolls of identify
 h - 8 scrolls of fog
 j - 4 scrolls of enchant weapon
 o - 11 scrolls of teleportation
 p - 7 scrolls of blinking
 P - 2 scrolls of brand weapon
Potions
 b - 11 potions of haste
 d - 8 potions of might
 e - 22 potions of curing
 g - 9 potions of lignification
 l - 6 potions of attraction
 m - 8 potions of magic
 q - 14 potions of mutation
 A - 4 potions of cancellation
 H - 4 potions of resistance

Dungeon Overview and Level Annotations

Branches:
Dungeon (15/15)            Temple (1/1) D:4            Lair (5/5) D:10
  Swamp (4/4) Lair:3       Spider (4/4) Lair:2        Slime (0/5) Lair:5
    Orc (2/2) D:10            Elf (0/3) Orc:2        Vaults (5/5) D:14
  Crypt (0/3) Vaults:2     Depths (4/4) D:15            Zot (5/5) Depths:4

Altars:
Ashenzari
Cheibriados
Dithmenos
Elyvilon
Fedhas
Gozag
Hepliaklqana
Kikubaaqudgha
Makhleb
Nemelex Xobeh
Okawaru
Qazlal
Ru
Sif Muna
Trog
Uskayaw
Vehumet
Wu Jian
Xom
Yredelemnul
Zin
The Shining One

Shops:
D:2 (   D:3 !   D:9 ?*   Orc:1 (   Orc:2 [(**   Vaults:3 :

Portals:
Hell: Depths:1 Depths:2 Depths:3 Depths:4
Abyss: Depths:2
Pandemonium: Depths:2
Ziggurat: Depths:3
Trove: Vaults:3 (give 6 potions of haste)

Annotations:
D:8 1 runed translucent door
Swamp:3 2 transporters, qw's ghost, adept FoCA
Orc:1 1 runed translucent door, Ciata's ghost, journeyman MiBe


Message History

The orb of fire is lightly damaged.
You closely miss the orb of fire. You slice the electric golem!!
The electric golem misses you.
You block the electric golem's attack. x2
The electric golem closely misses you.
The Killer Klown blinks!
You miss the orb of fire.
The orb of fire is lightly damaged.
You barely miss the orb of fire. You slash the electric golem!
The electric golem hurls lightning at you.
The bolt of lightning hits you. You resist.
The orb of fire glows bright magenta.
Strange energies course through your body.
You feel frail.
You block the electric golem's attack. x3
The electric golem hits you but does no damage.
You slash the electric golem!
The electric golem is moderately damaged.
You hit the Killer Klown but do no damage.
You slice the orb of fire!!
You hit the orb of fire but do no damage.
You feel like a meek peon again.
The orb of fire glows red.
Strange energies course through your body.
You feel less energetic. You block the Killer Klown's attack.
The dread lich gestures wildly while chanting.
The dread lich seems to speed up.
The electric golem hurls lightning at you.
The bolt of lightning hits you. You resist.
59451 ||| INVOKING Heroism.
You gain the combat prowess of a mighty hero.
The orb of fire glows red.
The bolt of fire misses you.
The Killer Klown tickles you with a +12 antimagic club.
You feel your power leaking away.
The orb of fire glows bright magenta.
The bolt of fire hits you!!! You resist.
The Killer Klown slaps you but does no damage.
The orb of fire glows red.
The bolt of fire hits you!!! You resist.
You die...

##########
......^..####
............##
.............##
......p.......#
......*@.^....#
.....9L*X....##
............##
...p.......##
............#
..........^..#
.....^........#
..............#


You could see 2 orbs of fire, 2 Killer Klowns, an electric golem, a dread lich
(fast) and an Orb Guardian.

Vanquished Creatures
  A dread lich (Vaults:5)
  A juggernaut (Depths:4)
  A Killer Klown (Zot:4)
  the Lernaean hydra (Swamp:4)
  3 caustic shrikes (Depths:4)
  14 golden dragons
  Jory (Vaults:5)
  11 tentacled monstrosities
  Jorgrun (Orc:2)
  2 electric golems
  A lich (Depths:1)
  A walking earthen tome (Depths:3)
  5 titans (Vaults:5)
  7 quicksilver dragons
  9 death cobs
  5 sphinxes
  Agnes (Spider:3)
  10 tengu reavers
  An Executioner (Zot:5)
  Gastronok (Lair:3)
  7 shadow dragons
  12 storm dragons
  3 fire giants
  5 emperor scorpions
  7 draconian monks
  10 frost giants
  9 draconian knights
  2 deep elf sorcerers (Vaults:5)
  3 draconian scorchers
  4 iron dragons (Vaults:5)
  19 vault wardens
  2 balrugs
  Aizul (Swamp:2)
  4 orc warlords
  5 draconian shifters
  10 draconian stormcallers
  2 spriggan defenders (Depths:2)
  23 ironbound preservers
  5 ghost moths
  10 draconian annihilators
  12 stone giants
  A reaper (Depths:4)
  14 very ugly things
  4 war gargoyles
  A broodmother (Spider:2)
  3 vampire knights
  14 green draconians
  Nessos (Orc:2)
  13 black draconians
  2 eleionomae (Swamp:4)
  A minotaur (shapeshifter) (Vaults:5)
  9 ironbound thunderhulks
  9 purple draconians
  A deep elf annihilator (Vaults:2)
  12 red draconians
  14 white draconians
  8 entropy weavers
  14 dire elephants
  13 yellow draconians
  5 bunyips
  12 spark wasps
  13 ettins
  Snorg (D:10)
  A blizzard demon (Depths:4)
  Josephine (Spider:1)
  3 deep elf high priests (Vaults:5)
  A merfolk impaler (Depths:1)
  A deep elf death mage (Vaults:1)
  14 yaktaur captains
  A jiangshi (Vaults:2)
  3 fire dragons
  5 great orbs of eyes
  A shambling mangrove (Swamp:4)
  3 rakshasas
  30 hydras
  A radroach (Spider:4)
  35 vault guards
  7 ironbound frosthearts
  2 ghost crabs
  2 ice dragons
  A boulder beetle (Spider:4)
  3 catoblepae
  2 ogre magi (Vaults:5)
  4 spriggan air magi
  A radroach (shapeshifter) (Depths:4)
  8 centaur warriors
  8 tengu warriors
  15 alligators
  A death knight (D:15)
  11 deep troll shamans
  4 two-headed ogres
  A vampire mage (Depths:1)
  2 hell hogs (Depths:4)
  5 spriggan berserkers
  3 orc high priests (Orc:2)
  6 death yaks (Lair:5)
  3 soul eaters (Depths:4)
  9 deep troll earth magi
  Nergalle (Lair:2)
  5 sun demons
  Urug (Lair:2)
  Sonja (Lair:3)
  11 skeletal warriors
  8 pharaoh ants
  A sun moth (Spider:4)
  Amaemon (D:10)
  16 iron trolls
  A shadow wraith (Depths:4)
  3 glowing orange brains
  77 deep trolls
  2 quicksilver dragon simulacra (Depths:4)
  4 goliath frogs
  2 spriggan druids
  13 lindwurms
  7 steelbarb worms
  5 phantasmal warriors
  A flayed ghost (Depths:4)
  13 swamp dragons
  10 wizards
  8 orb spiders
  14 ironbound convokers
  5 deep elf pyromancers
  A lindwurm (shapeshifter) (Vaults:5)
  20 ugly things
  A mana viper (shapeshifter) (D:13)
  6 necromancers
  A deep elf zephyrmancer (Vaults:5)
  14 orc knights
  5 harpies
  5 orc sorcerers
  A stone giant zombie (Vaults:4)
  22 wolf spiders
  8 cyclopes
  2 shining eyes (shapeshifter) (Vaults:5)
  25 moths of wrath
  A stone giant skeleton (Vaults:4)
  4 will-o-the-wisps
  2 human skeletons (Vaults:3)
  7 elephants
  A moth of wrath (shapeshifter) (Depths:2)
  4 manticores
  An ice statue (Depths:4)
  Maurice (D:10)
  4 torpor snails
  A titan simulacrum (Depths:3)
  6 black mambas
  21 vault sentinels
  11 cane toads
  An orange demon (D:10)
  3 yaktaurs (shapeshifter)
  5 demonic crawlers
  3 unseen horrors
  9 freezing wraiths
  5 kobold demonologists
  4 rime drakes
  11 komodo dragons
  A komodo dragon (shapeshifter) (Depths:3)
  A rime drake (shapeshifter) (Vaults:5)
  An entropy weaver simulacrum (Vaults:3)
  37 yaktaurs
  2 efreet (D:15)
  A meliai (Lair:2)
  4 polar bears
  A polar bear (shapeshifter) (Depths:3)
  14 hornets
  27 tarantellas
  A tengu simulacrum (Depths:3)
  10 trolls
  10 tyrant leeches
  16 blink frogs
  A blink frog (shapeshifter) (Vaults:1)
  2 frost giant simulacra
  6 dream sheep
  47 slime creatures
  An ettin zombie (Vaults:4)
  16 spriggans
  A centaur simulacrum (D:12)
  22 culicivoras
  45 jumping spiders
  An ettin skeleton (Vaults:4)
  A shadow (D:12)
  34 yaks
  2 vampires
  6 wraiths
  10 wyverns
  2 basilisks
  2 water elementals (Depths:1)
  56 redbacks
  A golden eye (shapeshifter) (Vaults:5)
  14 vampire mosquitoes
  4 steam dragons
  15 water moccasins
  10 swamp worms
  4 wargs
  6 acid dragons
  10 swamp drakes
  4 black bears
  A glowing shapeshifter skeleton (Vaults:4)
  2 sky beasts
  Pargi (D:3)
  28 orc warriors
  7 ice beasts
  14 wolves
  5 ogres
  4 ettin simulacra
  18 centaurs
  5 kobold brigands
  2 phantoms
  4 necrophages
  16 bullfrogs
  5 gnoll sergeants
  2 scorpions
  10 wights (D:8)
  14 killer bees
  8 howler monkeys
  A vampire bat (Lair:1)
  3 electric eels
  11 hounds
  5 jellies
  4 gnoll boudas
  30 orc priests
  Terence (D:2)
  10 hell rats (Lair:2)
  4 iguanas
  29 orc wizards
  Robin (D:3)
  31 gnolls
  14 adders
  12 river rats
  5 white imps
  2 ufetubi (D:5)
  2 worms (D:2)
  A dart slug (D:2)
  71 orcs
  12 bats
  8 endoplasms
  5 giant cockroaches
  19 goblins
  20 hobgoblins
  5 jackals
  7 quokkas
  2 ball pythons
  17 kobolds
  20 rats
1968 creatures vanquished.

Vanquished Creatures (others)
  A draconian knight (Zot:4)
  A hell knight (Depths:2)
  2 wizards
  A bloated husk (Swamp:1)
  A redback (Vaults:5)
  An orc wizard (Orc:2)
  An orc (Orc:2)
  42 foxfires
  12 fungi
  56 plants
118 creatures vanquished.

Grand Total: 2086 creatures vanquished

Notes
Turn   | Place    | Note
-------+----------+-------------------------------------------
     0 | D:1      | qw the Gargoyle Fighter began the quest for the Orb.
     0 | D:1      | Reached XP level 1. HP: 14/14 MP: 1/1
     0 | D:1      | 0 ||| qw: Version: 0.1-a-108-g9e35731
     0 | D:1      | 0 ||| qw: Game counter: 6468
     0 | D:1      | 0 ||| qw: Always use a shield: true
     0 | D:1      | 0 ||| qw: God list: Okawaru
     0 | D:1      | 0 ||| qw: Allow faded altars: false
     0 | D:1      | 0 ||| qw: Do Orc after D:15 true
     0 | D:1      | 0 ||| qw: Do second Lair branch before Depths: true
     0 | D:1      | 0 ||| qw: Lair rune preference: random
     0 | D:1      | 0 ||| qw: Plans: Normal, Zot, God:TSO, Crypt, Tomb, Zig,
                  | Orb
     0 | D:1      | 0 ||| PLANNING D:1-11
    39 | D:1      | Reached XP level 2. HP: 16/19 MP: 2/2
   384 | D:1      | 384 ||| Stepping ~*~*~tactically~*~*~ (stealth).
  1044 | D:1      | Reached skill level 3 in Axes
  1064 | D:1      | Reached XP level 3. HP: 16/23 MP: 3/3
  1181 | D:1      | 1181 ||| DROPPING +0 club.
  1428 | D:1      | 1428 ||| UPGRADING to +0 chain mail.
  1438 | D:1      | 1438 ||| DROPPING +0 scale mail.
  1439 | D:1      | 1439 ||| DROPPING amulet of faith.
  1440 | D:1      | 1440 ||| READING scroll labelled LAFFA MIEPAK.
  1441 | D:1      | 1441 ||| READING 2 scrolls labelled HAWECZ OGETUSA.
  1442 | D:1      | 1442 ||| READING scroll labelled LAIXTI TITT.
  1443 | D:1      | 1443 ||| DRINKING 2 lumpy amethyst potions.
  1444 | D:1      | 1444 ||| DROPPING scroll of fear.
  1445 | D:1      | 1445 ||| DROPPING potion of degeneration.
  1587 | D:2      | Found Elih's Weapon Shop.
  1632 | D:2      | 1632 ||| BUYING +0 flail (35 gold).
  1632 | D:2      | Bought a +0 flail for 35 gold pieces
  1632 | D:2      | 1632 ||| DROPPING +0 whip.
  1639 | D:2      | 1639 ||| READING scroll of enchant weapon.
  1639 | D:2      | 1639 ||| ENCHANTING +1 war axe.
  1731 | D:2      | Found a faded altar of an unknown god.
  1918 | D:2      | Reached XP level 4. HP: 28/28 MP: 4/4
  1943 | D:2      | Noticed Terence
  1957 | D:2      | Killed Terence
  2092 | D:2      | 2092 ||| FLEEEEING.
  2093 | D:2      | 2093 ||| FLEEEEING.
  2094 | D:2      | 2094 ||| FLEEEEING.
  2095 | D:2      | 2095 ||| FLEEEEING.
  2097 | D:2      | 2097 ||| FLEEEEING.
  2145 | D:2      | 2145 ||| Stepping ~*~*~tactically~*~*~ (stealth).
  2280 | D:2      | 2280 ||| Stepping ~*~*~tactically~*~*~ (stealth).
  2281 | D:2      | 2281 ||| Stepping ~*~*~tactically~*~*~ (stealth).
  2306 | D:2      | 2306 ||| READING scroll labelled MIN QUNLISSOE.
  2307 | D:2      | 2307 ||| READING 2 scrolls of identify.
  2307 | D:2      | 2307 ||| IDENTIFYING black potion
  2462 | D:3      | Noticed Pargi
  2473 | D:3      | Killed Pargi
  2474 | D:3      | Reached XP level 5. HP: 22/32 MP: 5/5
  2590 | D:3      | Reached XP level 6. HP: 11/38 MP: 6/6
  2827 | D:3      | 2827 ||| Stepping ~*~*~tactically~*~*~ (stealth).
  2827 | D:3      | Found Fyogait's Distillery.
  2835 | D:3      | Reached skill level 4 in Fighting
  2840 | D:3      | 2840 ||| Stepping ~*~*~tactically~*~*~ (stealth).
  2842 | D:3      | 2842 ||| BUYING potion of attraction (33 gold).
  2842 | D:3      | Bought a potion of attraction for 33 gold pieces
  2842 | D:3      | 2842 ||| BUYING potion of curing (33 gold).
  2842 | D:3      | Bought a potion of curing for 33 gold pieces
  2842 | D:3      | 2842 ||| SHOPLISTING potion of haste (110 gold, have 5).
  2842 | D:3      | 2842 ||| SHOPLISTING potion of lignification (33 gold, have
                  | 5).
  2842 | D:3      | 2842 ||| SHOPLISTING potion of mutation (88 gold, have 5).
  2939 | D:3      | Found a radiant altar of Vehumet.
  2981 | D:3      | Noticed Robin
  2991 | D:3      | Killed Robin
  3128 | D:3      | Found a stormy altar of Qazlal.
  3136 | D:3      | Found a snail-covered altar of Cheibriados.
  3272 | D:3      | 3272 ||| Stepping ~*~*~tactically~*~*~ (stealth).
  3307 | D:3      | 3307 ||| Stepping ~*~*~tactically~*~*~ (stealth).
  3310 | D:3      | 3310 ||| Stepping ~*~*~tactically~*~*~ (stealth).
  3512 | D:3      | 3512 ||| UPGRADING to +1 helmet of intelligence.
  3517 | D:3      | 3517 ||| UPGRADING to +0 pair of gloves.
  3522 | D:3      | 3522 ||| READING scroll labelled RUYRAO ZIFA.
  3523 | D:3      | 3523 ||| READING 4 scrolls of identify.
  3523 | D:3      | 3523 ||| IDENTIFYING glowing green potion
  3524 | D:3      | 3524 ||| READING 3 scrolls of identify.
  3524 | D:3      | 3524 ||| IDENTIFYING white potion
  3525 | D:3      | 3525 ||| READING 2 scrolls of identify.
  3525 | D:3      | 3525 ||| IDENTIFYING sapphire potion
  3526 | D:3      | 3526 ||| DROPPING potion of magic.
  3527 | D:3      | 3527 ||| DROPPING potion of invisibility.
  3528 | D:3      | 3528 ||| DROPPING potion of ambrosia.
  3671 | D:4      | 3671 ||| Stepping ~*~*~tactically~*~*~ (stealth).
  3719 | D:4      | Found a staircase to the Ecumenical Temple.
  3720 | D:4      | 3720 ||| PLANNING TEMPLE
  3720 | D:4      | 3720 ||| READING scroll labelled AGUYSU METIL.
  3729 | Temple   | Entered the Ecumenical Temple
  3784 | Temple   | Became a worshipper of Warmaster Okawaru
  3797 | Temple   | 3797 ||| PLANNING D:1-11
  3977 | D:4      | Noticed an ice beast
  3988 | D:4      | Killed an ice beast
  3989 | D:4      | Reached XP level 7. HP: 33/43 MP: 7/7
  4086 | D:4      | 4086 ||| Stepping ~*~*~tactically~*~*~ (stealth).
  4087 | D:4      | 4087 ||| Stepping ~*~*~tactically~*~*~ (stealth).
  4091 | D:4      | Reached skill level 6 in Axes
  4102 | D:4      | Reached skill level 1 in Dodging
  4137 | D:4      | 4137 ||| DROPPING +0 flail.
  4183 | D:4      | Identified the +6 chain mail of Alian {rF+ rCorr}
  4496 | D:4      | 4496 ||| UPGRADING to +6 chain mail of Alian {rF+ rCorr}.
  4506 | D:4      | 4506 ||| DROPPING +0 chain mail.
  4507 | D:4      | 4507 ||| READING scroll labelled DUTUSTR BICRUSA.
  4508 | D:4      | 4508 ||| READING scroll labelled URRESH ZACRUERPH.
  4509 | D:4      | 4509 ||| READING scroll labelled PYCRED JYDEDER.
  4510 | D:4      | 4510 ||| READING 2 scrolls of identify.
  4510 | D:4      | 4510 ||| IDENTIFYING sedimented green potion
  4511 | D:4      | 4511 ||| DROPPING potion of berserk rage.
  4526 | D:5      | Entered Level 5 of the Dungeon
  4775 | D:5      | Reached * piety under Okawaru
  4846 | D:5      | 4846 ||| Stepping ~*~*~tactically~*~*~ (stealth).
  4854 | D:5      | 4854 ||| Stepping ~*~*~tactically~*~*~ (stealth).
  4863 | D:5      | Reached skill level 1 in Invocations
  4863 | D:5      | Reached XP level 8. HP: 41/48 MP: 7/9
  4901 | D:5      | Found a shadowy altar of Dithmenos.
  4946 | D:5      | 4946 ||| INVOKING Heroism.
  5040 | D:5      | 5040 ||| INVOKING Heroism.
  5093 | D:5      | Reached skill level 5 in Fighting
  5167 | D:5      | 5167 ||| Stepping ~*~*~tactically~*~*~ (hiding).
  5176 | D:5      | Reached skill level 3 in Invocations
  5308 | D:5      | 5308 ||| INVOKING Heroism.
  5563 | D:5      | 5563 ||| UPGRADING to +2 cloak of preservation.
  5568 | D:5      | 5568 ||| DRINKING 2 fuming sapphire potions.
  5568 | D:5      | Gained mutation: You have sharp toenails. [potion of
                  | mutation]
  5568 | D:5      | Gained mutation: You passively dampen the noise of your
                  | surroundings. [potion of mutation]
  5568 | D:5      | Gained mutation: You are agile. (Dex +4, Str/Int -1)
                  | [potion of mutation]
  5568 | D:5      | Gained mutation: Your flesh is cold resistant. (rC+)
                  | [potion of mutation]
  5569 | D:5      | 5569 ||| READING 2 scrolls of identify.
  5569 | D:5      | 5569 ||| IDENTIFYING bubbling red potion
  5658 | D:6      | Reached ** piety under Okawaru
  5682 | D:6      | 5682 ||| FLEEEEING.
  5683 | D:6      | 5683 ||| FLEEEEING.
  5684 | D:6      | 5684 ||| FLEEEEING.
  5685 | D:6      | 5685 ||| FLEEEEING.
  5686 | D:6      | 5686 ||| FLEEEEING.
  5687 | D:6      | 5687 ||| FLEEEEING.
  5688 | D:6      | 5688 ||| FLEEEEING.
  5689 | D:6      | 5689 ||| STAIRDANCE
  5737 | D:6      | 5737 ||| STAIRDANCE
  5746 | D:6      | 5746 ||| INVOKING Heroism.
  5747 | D:6      | 5747 ||| STAIRDANCE
  5814 | D:6      | 5814 ||| DRINKING 4 potions of curing.
  5814 | D:6      | 5814 ||| (to cure confusion)
  5927 | D:6      | Reached XP level 9. HP: 55/55 MP: 12/12
  5947 | D:6      | Reached skill level 6 in Fighting
  6138 | D:6      | 6138 ||| UPGRADING to +4 ring of protection.
  6139 | D:6      | 6139 ||| READING 2 scrolls labelled VAATAY DESIRHY.
  6143 | D:6      | 6143 ||| READING 4 scrolls of identify.
  6143 | D:6      | 6143 ||| IDENTIFYING golden potion
  6144 | D:6      | 6144 ||| READING 3 scrolls of identify.
  6144 | D:6      | 6144 ||| IDENTIFYING sedimented ruby potion
  6145 | D:6      | 6145 ||| DROPPING potion of flight.
  6172 | D:7      | Noticed a +0 hand axe
  6172 | D:7      | Noticed a +0 dagger
  6175 | D:7      | Found a hide-covered altar of Uskayaw.
  6186 | D:7      | Identified the -1 pair of gloves "Trusted Companion"
                  | {Regen+ rCorr Int+3 Slay-3}
  6218 | D:7      | 6218 ||| INVOKING Heroism.
  6294 | D:7      | 6294 ||| Stepping ~*~*~tactically~*~*~ (hiding).
  6299 | D:7      | 6299 ||| INVOKING Heroism.
  6444 | D:7      | Found a burning altar of Makhleb.
  6459 | D:7      | Reached skill level 9 in Axes
  6639 | D:7      | Found a bloodstained altar of Trog.
  6903 | D:7      | 6903 ||| Stepping ~*~*~tactically~*~*~ (hiding).
  6907 | D:7      | 6907 ||| INVOKING Heroism.
  6910 | D:7      | 6910 ||| Stepping ~*~*~tactically~*~*~ (hiding).
  7184 | D:7      | 7184 ||| DROPPING -1 pair of gloves "Trusted Companion"
                  | {Regen+ rCorr Int+3 Slay-3}.
  7221 | D:8      | 7221 ||| Stepping ~*~*~tactically~*~*~ (hiding).
  7339 | D:8      | 7339 ||| Stepping ~*~*~tactically~*~*~ (stealth).
  7341 | D:8      | 7341 ||| INVOKING Heroism.
  7353 | D:8      | Reached *** piety under Okawaru
  7369 | D:8      | Reached skill level 7 in Fighting
  7431 | D:8      | 7431 ||| DROPPING +1 flail of protection.
  7544 | D:8      | 7544 ||| Stepping ~*~*~tactically~*~*~ (stealth).
  7550 | D:8      | Reached XP level 10. HP: 63/63 MP: 13/13
  7559 | D:8      | 7559 ||| Stepping ~*~*~tactically~*~*~ (stealth).
  7561 | D:8      | 7561 ||| Stepping ~*~*~tactically~*~*~ (stealth).
  7563 | D:8      | 7563 ||| Stepping ~*~*~tactically~*~*~ (stealth).
  7567 | D:8      | 7567 ||| Stepping ~*~*~tactically~*~*~ (stealth).
  7568 | D:8      | 7568 ||| Stepping ~*~*~tactically~*~*~ (stealth).
  7642 | D:8      | 7642 ||| Stepping ~*~*~tactically~*~*~ (stealth).
  7644 | D:8      | 7644 ||| Stepping ~*~*~tactically~*~*~ (hiding).
  7728 | D:8      | 7728 ||| Stepping ~*~*~tactically~*~*~ (stealth).
  7729 | D:8      | 7729 ||| Stepping ~*~*~tactically~*~*~ (stealth).
  7787 | D:8      | Found a runed translucent door.
  7787 | D:8      | Noticed a sixfirhy
  8264 | D:8      | 8264 ||| READING scroll of enchant weapon.
  8264 | D:8      | 8264 ||| ENCHANTING +2 war axe of venom.
  8391 | D:8      | 8391 ||| READING scroll labelled LARAEFF DITHREO.
  8406 | D:9      | 8406 ||| INVOKING Heroism.
  8407 | D:9      | 8407 ||| STAIRDANCE
  8445 | D:9      | 8445 ||| STAIRDANCE
  8450 | D:8      | Reached skill level 6 in Armour
  8485 | D:9      | Reached **** piety under Okawaru
  8537 | D:9      | 8537 ||| Stepping ~*~*~tactically~*~*~ (hiding).
  8545 | D:9      | 8545 ||| INVOKING Heroism.
  8768 | D:9      | Found Komn's Magic Scroll Boutique.
  8771 | D:9      | 8771 ||| BUYING scroll of brand weapon (142 gold).
  8771 | D:9      | Bought a scroll of brand weapon for 142 gold pieces
  8771 | D:9      | 8771 ||| BUYING scroll of teleportation (45 gold).
  8771 | D:9      | Bought a scroll of teleportation for 45 gold pieces
  8771 | D:9      | 8771 ||| BUYING scroll of teleportation (45 gold).
  8771 | D:9      | Bought a scroll of teleportation for 45 gold pieces
  8771 | D:9      | 8771 ||| BUYING scroll of teleportation (45 gold).
  8771 | D:9      | Bought a scroll of teleportation for 45 gold pieces
  8771 | D:9      | 8771 ||| BUYING scroll of teleportation (45 gold).
  8771 | D:9      | Bought a scroll of teleportation for 45 gold pieces
  8771 | D:9      | 8771 ||| READING scroll of brand weapon.
  8771 | D:9      | 8771 ||| BRANDING +3 war axe of venom.
  8784 | D:9      | Found Mupodgh's Serpentskin Sales.
  8801 | D:9      | Found a broken altar of Ashenzari.
  8817 | D:9      | Reached skill level 8 in Fighting
  8932 | D:9      | 8932 ||| INVOKING Heroism.
  9023 | D:9      | 9023 ||| INVOKING Heroism.
  9098 | D:9      | Noticed a kobold demonologist
  9099 | D:9      | 9099 ||| INVOKING Heroism.
  9101 | D:9      | Noticed a soul eater
  9113 | D:9      | Killed a kobold demonologist
  9204 | D:9      | Found a blossoming altar of Fedhas.
  9300 | D:9      | Reached skill level 6 in Invocations
  9313 | D:9      | 9313 ||| UPGRADING to +2 buckler of reflection.
  9323 | D:9      | 9323 ||| DROPPING +0 buckler.
  9324 | D:9      | 9324 ||| UPGRADING to +0 pair of boots.
  9329 | D:9      | 9329 ||| READING scroll labelled TELAFR CAYC.
  9391 | D:9      | 9391 ||| READING scroll labelled FUFFIE WUDOF.
  9392 | D:9      | 9392 ||| READING 2 scrolls of identify.
  9392 | D:9      | 9392 ||| IDENTIFYING blue potion
  9393 | D:9      | 9393 ||| DROPPING potion of brilliance.
  9423 | D:10     | Entered Level 10 of the Dungeon
  9427 | D:10     | 9427 ||| STAIRDANCE
  9436 | D:10     | 9436 ||| STAIRDANCE
  9449 | D:10     | 9449 ||| STAIRDANCE
  9454 | D:10     | 9454 ||| Stepping ~*~*~tactically~*~*~ (hiding).
  9460 | D:10     | 9460 ||| Stepping ~*~*~tactically~*~*~ (stealth).
  9460 | D:10     | Noticed an orange demon
  9460 | D:10     | Noticed Amaemon
  9461 | D:10     | 9461 ||| Stepping ~*~*~tactically~*~*~ (hiding).
  9465 | D:10     | 9465 ||| INVOKING Heroism.
  9472 | D:10     | Killed an orange demon
  9483 | D:10     | Killed Amaemon
  9483 | D:10     | Reached ***** piety under Okawaru
  9484 | D:10     | Reached XP level 11. HP: 42/68 MP: 14/16
  9607 | D:10     | 9607 ||| DROPPING +3 morningstar.
  9611 | D:10     | Noticed Maurice
  9613 | D:10     | 9613 ||| INVOKING Heroism.
  9624 | D:10     | Killed Maurice
  9702 | D:10     | 9702 ||| INVOKING Heroism.
  9788 | D:10     | 9788 ||| Stepping ~*~*~tactically~*~*~ (stealth).
  9803 | D:10     | 9803 ||| Stepping ~*~*~tactically~*~*~ (hiding).
  9901 | D:10     | Found a staircase to the Lair.
  9902 | D:10     | 9902 ||| Stepping ~*~*~tactically~*~*~ (hiding).
  9924 | D:10     | 9924 ||| INVOKING Heroism.
  9967 | D:10     | 9967 ||| INVOKING Heroism.
 10026 | D:10     | 10026 ||| INVOKING Heroism.
 10178 | D:10     | 10178 ||| Stepping ~*~*~tactically~*~*~ (stealth).
 10187 | D:10     | 10187 ||| INVOKING Heroism.
 10217 | D:10     | 10217 ||| Stepping ~*~*~tactically~*~*~ (stealth).
 10218 | D:10     | 10218 ||| Stepping ~*~*~tactically~*~*~ (stealth).
 10219 | D:10     | 10219 ||| Stepping ~*~*~tactically~*~*~ (stealth).
 10226 | D:10     | 10226 ||| Stepping ~*~*~tactically~*~*~ (stealth).
 10235 | D:10     | Found a staircase to the Orcish Mines.
 10251 | D:10     | 10251 ||| Stepping ~*~*~tactically~*~*~ (stealth).
 10253 | D:10     | 10253 ||| Stepping ~*~*~tactically~*~*~ (hiding).
 10416 | D:10     | 10416 ||| Stepping ~*~*~tactically~*~*~ (hiding).
 10496 | D:10     | 10496 ||| Stepping ~*~*~tactically~*~*~ (hiding).
 10497 | D:10     | 10497 ||| Stepping ~*~*~tactically~*~*~ (hiding).
 10583 | D:10     | Noticed Snorg
 10584 | D:10     | 10584 ||| INVOKING Heroism.
 10585 | D:10     | 10585 ||| INVOKING Finesse.
 10596 | D:10     | Killed Snorg
 10596 | D:10     | Received a gift from Okawaru
 10597 | D:10     | Reached skill level 9 in Invocations
 10653 | D:10     | 10653 ||| INVOKING Heroism.
 10807 | D:10     | 10807 ||| Stepping ~*~*~tactically~*~*~ (hiding).
 10866 | D:10     | 10866 ||| PLANNING LAIR
 10890 | D:10     | 10890 ||| READING 3 scrolls labelled POFOIKHL KOSUO.
 10891 | D:10     | 10891 ||| DROPPING 2 scrolls of immolation.
 10917 | Lair:1   | Entered Level 1 of the Lair of Beasts
 10918 | Lair:1   | 10918 ||| INVOKING Heroism.
 11029 | Lair:1   | 11029 ||| INVOKING Heroism.
 11121 | Lair:1   | Reached skill level 9 in Fighting
 11182 | Lair:1   | 11182 ||| READING scroll of enchant armour.
 11182 | Lair:1   | 11182 ||| ENCHANTING +0 pair of gloves.
 11228 | Lair:1   | Noticed a lindwurm
 11229 | Lair:1   | 11229 ||| INVOKING Heroism.
 11242 | Lair:1   | Killed a lindwurm
 11276 | Lair:1   | 11276 ||| INVOKING Heroism.
 11308 | Lair:1   | 11308 ||| INVOKING Heroism.
 11436 | Lair:1   | 11436 ||| READING scroll of enchant armour.
 11436 | Lair:1   | 11436 ||| ENCHANTING +1 pair of gloves.
 11450 | Lair:1   | Reached XP level 12. HP: 76/76 MP: 19/19
 11537 | Lair:1   | 11537 ||| INVOKING Heroism.
 11728 | Lair:1   | 11728 ||| INVOKING Heroism.
 11737 | Lair:1   | Reached skill level 12 in Axes
 11845 | Lair:1   | 11845 ||| UPGRADING to +0 crystal plate armour.
 11855 | Lair:1   | 11855 ||| READING scroll labelled ETSIECA YBUM.
 11870 | Lair:2   | 11870 ||| READING scroll of enchant weapon.
 11870 | Lair:2   | 11870 ||| ENCHANTING +3 war axe of electrocution.
 11876 | Lair:2   | 11876 ||| INVOKING Heroism.
 11884 | Lair:2   | Noticed a four-headed hydra
 11885 | Lair:2   | 11885 ||| INVOKING Finesse.
 11893 | Lair:2   | 11893 ||| SWAPPING to -2 demon whip of venom.
 11898 | Lair:2   | Killed a four-headed hydra
 11899 | Lair:2   | 11899 ||| SWAPPING to +4 war axe of electrocution.
 11949 | Lair:2   | Noticed Urug
 11959 | Lair:2   | 11959 ||| Stepping ~*~*~tactically~*~*~ (stealth).
 11961 | Lair:2   | 11961 ||| INVOKING Heroism.
 11962 | Lair:2   | Killed Urug
 12067 | Lair:2   | 12067 ||| INVOKING Heroism.
 12069 | Lair:2   | Reached skill level 9 in Armour
 12171 | Lair:2   | Noticed Nergalle
 12172 | Lair:2   | 12172 ||| INVOKING Heroism.
 12181 | Lair:2   | Received a gift from Okawaru
 12188 | Lair:2   | Killed Nergalle
 12209 | Lair:2   | Noticed an eight-headed hydra
 12210 | Lair:2   | 12210 ||| INVOKING Heroism.
 12211 | Lair:2   | 12211 ||| INVOKING Finesse.
 12213 | Lair:2   | 12213 ||| SWAPPING to -2 demon whip of venom.
 12224 | Lair:2   | Killed an eight-headed hydra
 12225 | Lair:2   | Reached skill level 3 in Throwing
 12225 | Lair:2   | 12225 ||| SWAPPING to +4 war axe of electrocution.
 12560 | Lair:2   | 12560 ||| INVOKING Heroism.
 12561 | Lair:2   | 12561 ||| Stepping ~*~*~tactically~*~*~ (hiding).
 12562 | Lair:2   | 12562 ||| Stepping ~*~*~tactically~*~*~ (hiding).
 12655 | Lair:2   | Found a hole to the Spider Nest.
 12673 | Lair:2   | 12673 ||| INVOKING Heroism.
 12899 | Lair:2   | 12899 ||| Stepping ~*~*~tactically~*~*~ (stealth).
 12902 | Lair:2   | 12902 ||| INVOKING Heroism.
 12903 | Lair:2   | 12903 ||| Stepping ~*~*~tactically~*~*~ (stealth).
 12917 | Lair:2   | 12917 ||| Stepping ~*~*~tactically~*~*~ (stealth).
 12920 | Lair:2   | 12920 ||| Stepping ~*~*~tactically~*~*~ (stealth).
 12924 | Lair:2   | 12924 ||| Stepping ~*~*~tactically~*~*~ (stealth).
 12934 | Lair:2   | 12934 ||| Stepping ~*~*~tactically~*~*~ (stealth).
 12951 | Lair:2   | 12951 ||| INVOKING Heroism.
 12983 | Lair:2   | 12983 ||| Stepping ~*~*~tactically~*~*~ (stealth).
 12986 | Lair:2   | 12986 ||| Stepping ~*~*~tactically~*~*~ (stealth).
 12987 | Lair:2   | 12987 ||| Stepping ~*~*~tactically~*~*~ (stealth).
 12990 | Lair:2   | 12990 ||| Stepping ~*~*~tactically~*~*~ (stealth).
 13005 | Lair:2   | 13005 ||| Stepping ~*~*~tactically~*~*~ (stealth).
 13015 | Lair:2   | 13015 ||| Stepping ~*~*~tactically~*~*~ (stealth).
 13016 | Lair:2   | 13016 ||| Stepping ~*~*~tactically~*~*~ (stealth).
 13026 | Lair:2   | Reached skill level 6 in Shields
 13027 | Lair:2   | 13027 ||| Stepping ~*~*~tactically~*~*~ (stealth).
 13028 | Lair:2   | 13028 ||| Stepping ~*~*~tactically~*~*~ (stealth).
 13029 | Lair:2   | 13029 ||| INVOKING Heroism.
 13070 | Lair:2   | 13070 ||| Stepping ~*~*~tactically~*~*~ (stealth).
 13081 | Lair:2   | 13081 ||| Stepping ~*~*~tactically~*~*~ (stealth).
 13088 | Lair:2   | 13088 ||| Stepping ~*~*~tactically~*~*~ (stealth).
 13093 | Lair:2   | 13093 ||| Stepping ~*~*~tactically~*~*~ (stealth).
 13095 | Lair:2   | 13095 ||| Stepping ~*~*~tactically~*~*~ (stealth).
 13121 | Lair:2   | 13121 ||| Stepping ~*~*~tactically~*~*~ (stealth).
 13161 | Lair:2   | 13161 ||| Stepping ~*~*~tactically~*~*~ (stealth).
 13176 | Lair:2   | 13176 ||| Stepping ~*~*~tactically~*~*~ (stealth).
 13292 | Lair:2   | 13292 ||| DROPPING +1 hat of stealth.
 13300 | Lair:3   | 13300 ||| STAIRDANCE
 13377 | Lair:3   | Found a staircase to the Swamp.
 13406 | Lair:3   | 13406 ||| Stepping ~*~*~tactically~*~*~ (hiding).
 13407 | Lair:3   | 13407 ||| Stepping ~*~*~tactically~*~*~ (hiding).
 13533 | Lair:3   | Reached XP level 13. HP: 71/80 MP: 20/20
 13571 | Lair:3   | Noticed Sonja
 13572 | Lair:3   | 13572 ||| INVOKING Finesse.
 13582 | Lair:3   | Killed Sonja
 13583 | Lair:3   | Reached skill level 12 in Armour
 13653 | Lair:3   | 13653 ||| INVOKING Heroism.
 13654 | Lair:3   | 13654 ||| Stepping ~*~*~tactically~*~*~ (stealth).
 13662 | Lair:3   | 13662 ||| Stepping ~*~*~tactically~*~*~ (stealth).
 13739 | Lair:3   | Found a frozen archway.
 13784 | Lair:3   | 13784 ||| INVOKING Heroism.
 13814 | Lair:3   | Noticed Gastronok
 13815 | Lair:3   | 13815 ||| Stepping ~*~*~tactically~*~*~ (hiding).
 13821 | Lair:3   | 13821 ||| INVOKING Heroism.
 13830 | Lair:3   | Killed Gastronok
 13831 | Lair:3   | Reached skill level 10 in Fighting
 13868 | Lair:3   | 13868 ||| INVOKING Heroism.
 13940 | Lair:3   | 13940 ||| Stepping ~*~*~tactically~*~*~ (hiding).
 13944 | Lair:3   | 13944 ||| INVOKING Heroism.
 13945 | Lair:3   | 13945 ||| UPGRADING to ring of willpower.
 13946 | Lair:3   | 13946 ||| READING 2 scrolls labelled DINUZE WINGUC.
 13953 | Lair:3   | 13953 ||| Stepping ~*~*~tactically~*~*~ (cloud).
 14058 | Lair:3   | 14058 ||| INVOKING Heroism.
 14059 | Lair:3   | 14059 ||| INVOKING Finesse.
 14061 | Lair:3   | 14061 ||| SWAPPING to -2 demon whip of venom.
 14071 | Lair:3   | 14071 ||| SWAPPING to +4 war axe of electrocution.
 14130 | Lair:3   | 14130 ||| INVOKING Heroism.
 14135 | Lair:3   | Received a gift from Okawaru
 14407 | Lair:3   | 14407 ||| READING scroll labelled HENEPN ALUFOT.
 14407 | Lair:3   | Identified a scroll of acquirement
 14407 | Lair:3   | 14407 ||| ACQUIRING +5 broad axe of freezing
 14407 | Lair:3   | Acquired a +5 broad axe of freezing
 14409 | Lair:3   | 14409 ||| SWAPPING to +5 broad axe of freezing.
 14410 | Lair:3   | 14410 ||| DROPPING +4 war axe of electrocution.
 14411 | Lair:3   | 14411 ||| READING 2 scrolls of identify.
 14411 | Lair:3   | 14411 ||| IDENTIFYING smoky coppery potion
 14412 | Lair:3   | 14412 ||| DROPPING scroll of silence.
 14438 | Lair:4   | 14438 ||| INVOKING Heroism.
 14460 | Lair:4   | Received a gift from Okawaru
 14480 | Lair:4   | 14480 ||| Stepping ~*~*~tactically~*~*~ (stealth).
 14502 | Lair:4   | 14502 ||| INVOKING Heroism.
 14503 | Lair:4   | 14503 ||| INVOKING Finesse.
 14508 | Lair:4   | 14508 ||| Stepping ~*~*~tactically~*~*~ (water).
 14560 | Lair:4   | 14560 ||| INVOKING Heroism.
 14600 | Lair:4   | 14600 ||| INVOKING Finesse.
 14623 | Lair:4   | 14623 ||| INVOKING Heroism.
 14658 | Lair:4   | 14658 ||| INVOKING Finesse.
 14710 | Lair:4   | 14710 ||| INVOKING Heroism.
 14735 | Lair:4   | 14735 ||| INVOKING Heroism.
 14931 | Lair:4   | 14931 ||| INVOKING Heroism.
 14958 | Lair:4   | 14958 ||| INVOKING Finesse.
 14959 | Lair:4   | 14959 ||| INVOKING Heroism.
 15100 | Lair:4   | 15100 ||| INVOKING Heroism.
 15140 | Lair:4   | 15140 ||| Stepping ~*~*~tactically~*~*~ (stealth).
 15150 | Lair:4   | 15150 ||| Stepping ~*~*~tactically~*~*~ (cloud).
 15154 | Lair:4   | 15154 ||| INVOKING Heroism.
 15168 | Lair:4   | 15168 ||| INVOKING Finesse.
 15170 | Lair:4   | 15170 ||| Stepping ~*~*~tactically~*~*~ (stealth).
 15171 | Lair:4   | 15171 ||| Stepping ~*~*~tactically~*~*~ (stealth).
 15172 | Lair:4   | 15172 ||| SWAPPING to -2 demon whip of venom.
 15181 | Lair:4   | 15181 ||| SWAPPING to +5 broad axe of freezing.
 15258 | Lair:4   | 15258 ||| Stepping ~*~*~tactically~*~*~ (stealth).
 15263 | Lair:4   | 15263 ||| INVOKING Heroism.
 15275 | Lair:4   | 15275 ||| Stepping ~*~*~tactically~*~*~ (stealth).
 15827 | Lair:5   | Entered Level 5 of the Lair of Beasts
 15833 | Lair:5   | 15833 ||| INVOKING Heroism.
 15900 | Lair:5   | 15900 ||| Stepping ~*~*~tactically~*~*~ (stealth).
 15985 | Lair:5   | 15985 ||| INVOKING Heroism.
 15987 | Lair:5   | 15987 ||| INVOKING Finesse.
 15989 | Lair:5   | 15989 ||| SWAPPING to -2 demon whip of venom.
 16012 | Lair:5   | 16012 ||| SWAPPING to +5 broad axe of freezing.
 16093 | Lair:5   | 16093 ||| INVOKING Heroism.
 16194 | Lair:5   | 16194 ||| Stepping ~*~*~tactically~*~*~ (stealth).
 16199 | Lair:5   | 16199 ||| Stepping ~*~*~tactically~*~*~ (stealth).
 16200 | Lair:5   | 16200 ||| Stepping ~*~*~tactically~*~*~ (stealth).
 16377 | Lair:5   | Received a gift from Okawaru
 16401 | Lair:5   | 16401 ||| INVOKING Heroism.
 16434 | Lair:5   | 16434 ||| INVOKING Finesse.
 16442 | Lair:5   | Gained mutation: Your large and strong wings let you fly.
                  | [Gargoyle growth]
 16442 | Lair:5   | Reached XP level 14. HP: 84/88 MP: 15/21
 16453 | Lair:5   | Identified the +2 buckler of Hubris {Str+6 Int+8} (Okawaru
                  | gifted it to you on level 5 of the Lair of Beasts)
 16453 | Lair:5   | Received a gift from Okawaru
 16466 | Lair:5   | 16466 ||| Stepping ~*~*~tactically~*~*~ (stealth).
 16468 | Lair:5   | 16468 ||| INVOKING Heroism.
 16519 | Lair:5   | 16519 ||| INVOKING Finesse.
 16526 | Lair:5   | Reached skill level 11 in Fighting
 16558 | Lair:5   | 16558 ||| INVOKING Heroism.
 16585 | Lair:5   | 16585 ||| Stepping ~*~*~tactically~*~*~ (stealth).
 16634 | Lair:5   | 16634 ||| Stepping ~*~*~tactically~*~*~ (stealth).
 16683 | Lair:5   | Found a staircase to the Slime Pits.
 16916 | Lair:5   | 16916 ||| Stepping ~*~*~tactically~*~*~ (stealth).
 16918 | Lair:5   | 16918 ||| Stepping ~*~*~tactically~*~*~ (stealth).
 17178 | Lair:5   | 17178 ||| INVOKING Heroism.
 17179 | Lair:5   | 17179 ||| SWAPPING to -2 demon whip of venom.
 17180 | Lair:5   | 17180 ||| INVOKING Finesse.
 17191 | Lair:5   | 17191 ||| SWAPPING to +5 broad axe of freezing.
 17391 | Lair:5   | 17391 ||| Stepping ~*~*~tactically~*~*~ (stealth).
 17392 | Lair:5   | 17392 ||| Stepping ~*~*~tactically~*~*~ (stealth).
 17397 | Lair:5   | 17397 ||| Stepping ~*~*~tactically~*~*~ (stealth).
 17403 | Lair:5   | 17403 ||| INVOKING Heroism.
 17553 | Lair:5   | Identified the +6 plate armour "Goprokhe" {Rampage Fly
                  | Int+4}
 17555 | Lair:5   | 17555 ||| PLANNING D:1-11
 17555 | Lair:5   | 17555 ||| UPGRADING to +2 buckler of Hubris {Str+6 Int+8}.
 17565 | Lair:5   | 17565 ||| DROPPING +2 buckler of reflection.
 17566 | Lair:5   | 17566 ||| DROPPING +6 plate armour "Goprokhe" {Rampage Fly
                  | Int+4}.
 17680 | Lair:2   | 17680 ||| Stepping ~*~*~tactically~*~*~ (stealth).
 17791 | D:11     | 17791 ||| INVOKING Heroism.
 17803 | D:11     | Reached skill level 3 in Dodging
 17863 | D:11     | 17863 ||| INVOKING Heroism.
 17875 | D:11     | 17875 ||| Stepping ~*~*~tactically~*~*~ (stealth).
 17882 | D:11     | 17882 ||| Stepping ~*~*~tactically~*~*~ (stealth).
 17945 | D:11     | 17945 ||| INVOKING Heroism.
 18046 | D:11     | 18046 ||| Stepping ~*~*~tactically~*~*~ (stealth).
 18223 | D:11     | 18223 ||| Stepping ~*~*~tactically~*~*~ (hiding).
 18224 | D:11     | 18224 ||| Stepping ~*~*~tactically~*~*~ (hiding).
 18225 | D:11     | 18225 ||| INVOKING Heroism.
 18400 | D:11     | 18400 ||| INVOKING Heroism.
 18402 | D:11     | 18402 ||| SWAPPING to -2 demon whip of venom.
 18417 | D:11     | 18417 ||| SWAPPING to +5 broad axe of freezing.
 18421 | D:11     | 18421 ||| PLANNING D
 18457 | D:12     | 18457 ||| STAIRDANCE
 18497 | D:12     | 18497 ||| STAIRDANCE
 18499 | D:11     | 18499 ||| INVOKING Heroism.
 18500 | D:11     | 18500 ||| SWAPPING to -2 demon whip of venom.
 18515 | D:11     | Received a gift from Okawaru
 18516 | D:11     | 18516 ||| SWAPPING to +5 broad axe of freezing.
 18519 | D:11     | HP: 19/90 [something (13)]
 18520 | D:11     | 18520 ||| READING 5 scrolls of teleportation.
 18521 | D:11     | 18521 ||| DRINKING potion of heal wounds.
 18814 | D:12     | 18814 ||| INVOKING Heroism.
 18984 | D:12     | 18984 ||| Stepping ~*~*~tactically~*~*~ (stealth).
 19147 | D:12     | 19147 ||| Stepping ~*~*~tactically~*~*~ (hiding).
 19152 | D:12     | 19152 ||| Stepping ~*~*~tactically~*~*~ (stealth).
 19156 | D:12     | Reached skill level 15 in Axes
 19166 | D:12     | 19166 ||| Stepping ~*~*~tactically~*~*~ (stealth).
 19167 | D:12     | 19167 ||| Stepping ~*~*~tactically~*~*~ (stealth).
 19174 | D:12     | 19174 ||| Stepping ~*~*~tactically~*~*~ (stealth).
 19176 | D:12     | 19176 ||| Stepping ~*~*~tactically~*~*~ (stealth).
 19179 | D:12     | 19179 ||| Stepping ~*~*~tactically~*~*~ (stealth).
 19274 | D:12     | 19274 ||| Stepping ~*~*~tactically~*~*~ (stealth).
 19278 | D:12     | 19278 ||| Stepping ~*~*~tactically~*~*~ (stealth).
 19347 | D:12     | 19347 ||| FLEEEEING.
 19349 | D:12     | 19349 ||| FLEEEEING.
 19356 | D:12     | 19356 ||| FLEEEEING.
 19357 | D:12     | 19357 ||| FLEEEEING.
 19358 | D:12     | 19358 ||| FLEEEEING.
 19359 | D:12     | 19359 ||| FLEEEEING.
 19360 | D:12     | 19360 ||| FLEEEEING.
 19362 | D:12     | 19362 ||| FLEEEEING.
 19363 | D:12     | 19363 ||| FLEEEEING.
 19364 | D:12     | 19364 ||| FLEEEEING.
 19365 | D:12     | 19365 ||| FLEEEEING.
 19368 | D:12     | 19368 ||| FLEEEEING.
 19369 | D:12     | 19369 ||| FLEEEEING.
 19377 | D:12     | 19377 ||| FLEEEEING.
 19381 | D:12     | 19381 ||| FLEEEEING.
 19382 | D:12     | 19382 ||| FLEEEEING.
 19383 | D:12     | 19383 ||| FLEEEEING.
 19387 | D:12     | 19387 ||| FLEEEEING.
 19389 | D:12     | 19389 ||| FLEEEEING.
 19395 | D:12     | 19395 ||| STAIRDANCE
 19722 | D:12     | 19722 ||| Stepping ~*~*~tactically~*~*~ (hiding).
 19779 | D:12     | 19779 ||| Stepping ~*~*~tactically~*~*~ (hiding).
 19827 | D:12     | 19827 ||| Stepping ~*~*~tactically~*~*~ (stealth).
 19831 | D:12     | 19831 ||| FLEEEEING.
 19833 | D:12     | 19833 ||| FLEEEEING.
 19834 | D:12     | 19834 ||| FLEEEEING.
 19835 | D:12     | 19835 ||| FLEEEEING.
 19836 | D:12     | 19836 ||| FLEEEEING.
 19837 | D:12     | 19837 ||| FLEEEEING.
 19842 | D:12     | 19842 ||| FLEEEEING.
 19853 | D:12     | 19853 ||| FLEEEEING.
 19854 | D:12     | 19854 ||| FLEEEEING.
 19855 | D:12     | 19855 ||| FLEEEEING.
 19856 | D:12     | 19856 ||| FLEEEEING.
 19857 | D:12     | 19857 ||| FLEEEEING.
 19863 | D:12     | 19863 ||| FLEEEEING.
 19864 | D:12     | 19864 ||| FLEEEEING.
 19865 | D:12     | 19865 ||| FLEEEEING.
 19866 | D:12     | 19866 ||| FLEEEEING.
 19867 | D:12     | 19867 ||| FLEEEEING.
 19868 | D:12     | 19868 ||| FLEEEEING.
 19870 | D:12     | 19870 ||| FLEEEEING.
 19871 | D:12     | 19871 ||| FLEEEEING.
 19978 | D:12     | 19978 ||| Invisible monster not found???
 20057 | D:12     | Reached XP level 15. HP: 89/96 MP: 22/22
 20062 | D:12     | 20062 ||| Stepping ~*~*~tactically~*~*~ (stealth).
 20073 | D:12     | Reached skill level 12 in Fighting
 20082 | D:12     | 20082 ||| Stepping ~*~*~tactically~*~*~ (stealth).
 20114 | D:12     | 20114 ||| Stepping ~*~*~tactically~*~*~ (stealth).
 20115 | D:12     | 20115 ||| INVOKING Heroism.
 20116 | D:12     | 20116 ||| SWAPPING to -2 demon whip of venom.
 20117 | D:12     | 20117 ||| INVOKING Finesse.
 20123 | D:12     | 20123 ||| SWAPPING to +5 broad axe of freezing.
 20131 | D:12     | Received a gift from Okawaru
 20173 | D:12     | Identified the +12 mace "Itapp" {vorpal, rCorr Dex+4}
 20173 | D:12     | Paralysed by a great orb of eyes for 2 turns
 20175 | D:12     | 20175 ||| DRINKING 7 potions of curing.
 20175 | D:12     | 20175 ||| (to cure confusion)
 20347 | D:12     | 20347 ||| DROPPING +2 cloak of stealth.
 20348 | D:12     | 20348 ||| UPGRADING to +2 helmet of intelligence.
 20358 | D:12     | 20358 ||| DROPPING +1 helmet of intelligence.
 20359 | D:12     | 20359 ||| DROPPING ring of wizardry.
 20449 | D:13     | 20449 ||| READING scroll of brand weapon.
 20449 | D:13     | 20449 ||| BRANDING +5 broad axe of freezing.
 20490 | D:13     | Identified the +6 hand crossbow of Vuwkauv {penet, rC+++
                  | Str-3 Int-2 SInv} (Okawaru gifted it to you on level 13 of
                  | the Dungeon)
 20490 | D:13     | Received a gift from Okawaru
 20504 | D:13     | 20504 ||| Stepping ~*~*~tactically~*~*~ (hiding).
 20529 | D:13     | 20529 ||| Stepping ~*~*~tactically~*~*~ (stealth).
 20697 | D:13     | 20697 ||| Stepping ~*~*~tactically~*~*~ (stealth).
 20864 | D:13     | 20864 ||| FLEEEEING.
 20865 | D:13     | 20865 ||| FLEEEEING.
 20866 | D:13     | 20866 ||| FLEEEEING.
 20867 | D:13     | 20867 ||| FLEEEEING.
 20868 | D:13     | 20868 ||| FLEEEEING.
 20879 | D:13     | 20879 ||| FLEEEEING.
 20880 | D:13     | 20880 ||| Stepping ~*~*~tactically~*~*~ (hiding).
 20948 | D:13     | 20948 ||| INVOKING Heroism.
 20951 | D:13     | 20951 ||| Stepping ~*~*~tactically~*~*~ (stealth).
 21116 | D:13     | 21116 ||| INVOKING Heroism.
 21527 | D:13     | 21527 ||| Stepping ~*~*~tactically~*~*~ (hiding).
 21626 | D:14     | 21626 ||| READING 5 scrolls of teleportation.
 21680 | D:14     | 21680 ||| INVOKING Heroism.
 21796 | D:14     | Found a glowing silver altar of Zin.
 21926 | D:14     | Found a gate to the Vaults.
 21930 | D:14     | Received a gift from Okawaru
 22256 | D:14     | 22256 ||| Stepping ~*~*~tactically~*~*~ (stealth).
 22386 | D:15     | Entered Level 15 of the Dungeon
 22387 | D:15     | 22387 ||| INVOKING Heroism.
 22388 | D:15     | 22388 ||| SWAPPING to -2 demon whip of venom.
 22389 | D:15     | 22389 ||| INVOKING Finesse.
 22390 | D:15     | 22390 ||| STAIRDANCE
 22401 | D:14     | 22401 ||| SWAPPING to +5 broad axe of draining.
 22442 | D:15     | 22442 ||| STAIRDANCE
 22448 | D:14     | Received a gift from Okawaru
 22471 | D:15     | Reached skill level 15 in Armour
 22524 | D:15     | 22524 ||| INVOKING Heroism.
 22532 | D:15     | 22532 ||| READING 4 scrolls of teleportation.
 22633 | D:15     | 22633 ||| Stepping ~*~*~tactically~*~*~ (stealth).
 22639 | D:15     | 22639 ||| Stepping ~*~*~tactically~*~*~ (stealth).
 22640 | D:15     | 22640 ||| Stepping ~*~*~tactically~*~*~ (stealth).
 22641 | D:15     | 22641 ||| Stepping ~*~*~tactically~*~*~ (stealth).
 22642 | D:15     | 22642 ||| Stepping ~*~*~tactically~*~*~ (stealth).
 22643 | D:15     | 22643 ||| Stepping ~*~*~tactically~*~*~ (stealth).
 22644 | D:15     | 22644 ||| Stepping ~*~*~tactically~*~*~ (stealth).
 22645 | D:15     | 22645 ||| INVOKING Heroism.
 22748 | D:15     | 22748 ||| INVOKING Heroism.
 22832 | D:15     | 22832 ||| Stepping ~*~*~tactically~*~*~ (hiding).
 22920 | D:15     | 22920 ||| READING scroll of enchant weapon.
 22920 | D:15     | 22920 ||| ENCHANTING +5 broad axe of draining.
 22987 | D:15     | 22987 ||| Stepping ~*~*~tactically~*~*~ (hiding).
 22989 | D:15     | 22989 ||| INVOKING Heroism.
 23012 | D:15     | Received a gift from Okawaru
 23075 | D:15     | 23075 ||| Stepping ~*~*~tactically~*~*~ (hiding).
 23097 | D:15     | Found a staircase to the Depths.
 23098 | D:15     | 23098 ||| INVOKING Heroism.
 23410 | D:15     | 23410 ||| PLANNING ORC
 23410 | D:15     | 23410 ||| UPGRADING to +0 kite shield.
 23420 | D:15     | 23420 ||| DROPPING +2 buckler of Hubris {Str+6 Int+8}.
 23421 | D:15     | 23421 ||| DROPPING +0 pair of gloves of infusion.
 23570 | Orc:1    | Entered Level 1 of the Orcish Mines
 23578 | Orc:1    | 23578 ||| Stepping ~*~*~tactically~*~*~ (hiding).
 23580 | Orc:1    | 23580 ||| Stepping ~*~*~tactically~*~*~ (hiding).
 23582 | Orc:1    | 23582 ||| INVOKING Heroism.
 23672 | Orc:1    | Found Acvaola's Weapon Shop.
 23773 | Orc:1    | 23773 ||| Stepping ~*~*~tactically~*~*~ (hiding).
 23775 | Orc:1    | 23775 ||| Stepping ~*~*~tactically~*~*~ (hiding).
 23781 | Orc:1    | Noticed an orc warlord
 23782 | Orc:1    | 23782 ||| Stepping ~*~*~tactically~*~*~ (hiding).
 23784 | Orc:1    | 23784 ||| Stepping ~*~*~tactically~*~*~ (stealth).
 23787 | Orc:1    | 23787 ||| INVOKING Heroism.
 23788 | Orc:1    | 23788 ||| INVOKING Finesse.
 23792 | Orc:1    | 23792 ||| Stepping ~*~*~tactically~*~*~ (hiding).
 23796 | Orc:1    | 23796 ||| Stepping ~*~*~tactically~*~*~ (stealth).
 23809 | Orc:1    | Killed an orc warlord
 23811 | Orc:1    | 23811 ||| Stepping ~*~*~tactically~*~*~ (hiding).
 23814 | Orc:1    | 23814 ||| Stepping ~*~*~tactically~*~*~ (hiding).
 23829 | Orc:1    | Reached XP level 16. HP: 96/101 MP: 19/23
 23855 | Orc:1    | Found a runed translucent door.
 23855 | Orc:1    | Noticed Ciata's ghost (journeyman MiBe)
 23938 | Orc:2    | Entered Level 2 of the Orcish Mines
 23938 | Orc:2    | Found a staircase to the Elven Halls.
 23979 | Orc:2    | 23979 ||| Stepping ~*~*~tactically~*~*~ (hiding).
 23986 | Orc:2    | 23986 ||| INVOKING Heroism.
 24016 | Orc:2    | 24016 ||| Stepping ~*~*~tactically~*~*~ (stealth).
 24019 | Orc:2    | 24019 ||| Stepping ~*~*~tactically~*~*~ (hiding).
 24027 | Orc:2    | 24027 ||| INVOKING Heroism.
 24033 | Orc:2    | Reached skill level 9 in Shields
 24067 | Orc:2    | Noticed Nessos
 24068 | Orc:2    | 24068 ||| Stepping ~*~*~tactically~*~*~ (stealth).
 24069 | Orc:2    | 24069 ||| Stepping ~*~*~tactically~*~*~ (stealth).
 24070 | Orc:2    | 24070 ||| INVOKING Finesse.
 24078 | Orc:2    | 24078 ||| INVOKING Heroism.
 24081 | Orc:2    | Killed Nessos
 24164 | Orc:2    | 24164 ||| FLEEEEING.
 24165 | Orc:2    | 24165 ||| FLEEEEING.
 24166 | Orc:2    | 24166 ||| FLEEEEING.
 24167 | Orc:2    | 24167 ||| FLEEEEING.
 24168 | Orc:2    | 24168 ||| FLEEEEING.
 24169 | Orc:2    | 24169 ||| FLEEEEING.
 24170 | Orc:2    | 24170 ||| FLEEEEING.
 24171 | Orc:2    | 24171 ||| FLEEEEING.
 24172 | Orc:2    | 24172 ||| FLEEEEING.
 24176 | Orc:2    | 24176 ||| STAIRDANCE
 24181 | Orc:1    | 24181 ||| INVOKING Heroism.
 24391 | Orc:2    | 24391 ||| INVOKING Heroism.
 24545 | Orc:2    | 24545 ||| INVOKING Heroism.
 24549 | Orc:2    | Noticed Jorgrun
 24550 | Orc:2    | 24550 ||| INVOKING Finesse.
 24571 | Orc:2    | HP: 25/101 [Jorgrun/+0 vorpal quarterstaff (5)]
 24572 | Orc:2    | 24572 ||| READING 3 scrolls of teleportation.
 24573 | Orc:2    | 24573 ||| DRINKING potion of heal wounds.
 24576 | Orc:2    | HP: 21/101 [constriction (10)]
 24577 | Orc:2    | Killed Jorgrun
 24907 | Orc:2    | 24907 ||| Stepping ~*~*~tactically~*~*~ (hiding).
 24908 | Orc:2    | 24908 ||| Stepping ~*~*~tactically~*~*~ (hiding).
 24910 | Orc:2    | 24910 ||| INVOKING Heroism.
 24991 | Orc:2    | 24991 ||| Stepping ~*~*~tactically~*~*~ (hiding).
 24996 | Orc:2    | 24996 ||| INVOKING Heroism.
 25000 | Orc:2    | 25000 ||| Stepping ~*~*~tactically~*~*~ (hiding).
 25006 | Orc:2    | Found Ysy Quol's Assorted Antiques.
 25017 | Orc:2    | 25017 ||| INVOKING Heroism.
 25038 | Orc:2    | 25038 ||| Stepping ~*~*~tactically~*~*~ (stealth).
 25042 | Orc:2    | 25042 ||| Stepping ~*~*~tactically~*~*~ (hiding).
 25044 | Orc:2    | 25044 ||| INVOKING Heroism.
 25046 | Orc:2    | 25046 ||| INVOKING Finesse.
 25065 | Orc:2    | Found Yryev's Antique Weapon Boutique.
 25067 | Orc:2    | Found Nepno's General Store.
 25074 | Orc:2    | Found Nylun's Antique Armour Shoppe.
 25232 | Orc:2    | 25232 ||| Stepping ~*~*~tactically~*~*~ (stealth).
 25235 | Orc:2    | 25235 ||| Stepping ~*~*~tactically~*~*~ (stealth).
 25237 | Orc:2    | 25237 ||| Stepping ~*~*~tactically~*~*~ (stealth).
 25238 | Orc:2    | 25238 ||| INVOKING Heroism.
 25355 | Orc:2    | 25355 ||| BUYING blackened brass amulet (150 gold).
 25355 | Orc:2    | Bought a blackened brass amulet for 150 gold pieces
 25355 | Orc:2    | 25355 ||| BUYING pair of embroidered gloves (225 gold).
 25355 | Orc:2    | Bought a pair of embroidered gloves for 225 gold pieces
 25355 | Orc:2    | 25355 ||| BUYING potion of heal wounds (150 gold).
 25355 | Orc:2    | Bought a potion of heal wounds for 150 gold pieces
 25355 | Orc:2    | 25355 ||| BUYING scroll of identify (60 gold).
 25355 | Orc:2    | Bought a scroll of identify for 60 gold pieces
 25357 | Orc:2    | 25357 ||| BUYING potion of attraction (36 gold).
 25357 | Orc:2    | Bought a potion of attraction for 36 gold pieces
 25357 | Orc:2    | 25357 ||| BUYING potion of curing (36 gold).
 25357 | Orc:2    | Bought a potion of curing for 36 gold pieces
 25357 | Orc:2    | 25357 ||| BUYING potion of mutation (96 gold).
 25357 | Orc:2    | Bought a potion of mutation for 96 gold pieces
 25510 | Orc:2    | 25510 ||| DROPPING +0 pair of gloves of dexterity.
 25511 | Orc:2    | 25511 ||| DROPPING amulet of guardian spirit.
 25551 | Orc:1    | 25551 ||| PLANNING SPIDER:1-3
 25709 | Spider:1 | Entered Level 1 of the Spider Nest
 25742 | Spider:1 | 25742 ||| INVOKING Heroism.
 25769 | Spider:1 | Reached skill level 12 in Shields
 25784 | Spider:1 | 25784 ||| INVOKING Finesse.
 25791 | Spider:1 | 25791 ||| INVOKING Heroism.
 25855 | Spider:1 | 25855 ||| INVOKING Heroism.
 26110 | Spider:1 | 26110 ||| Stepping ~*~*~tactically~*~*~ (stealth).
 26111 | Spider:1 | 26111 ||| Stepping ~*~*~tactically~*~*~ (stealth).
 26167 | Spider:1 | 26167 ||| Stepping ~*~*~tactically~*~*~ (stealth).
 26168 | Spider:1 | 26168 ||| Stepping ~*~*~tactically~*~*~ (stealth).
 26169 | Spider:1 | 26169 ||| Stepping ~*~*~tactically~*~*~ (stealth).
 26171 | Spider:1 | 26171 ||| Stepping ~*~*~tactically~*~*~ (stealth).
 26212 | Spider:1 | 26212 ||| Stepping ~*~*~tactically~*~*~ (stealth).
 26213 | Spider:1 | 26213 ||| Stepping ~*~*~tactically~*~*~ (stealth).
 26214 | Spider:1 | 26214 ||| INVOKING Heroism.
 26237 | Spider:1 | Noticed Josephine
 26248 | Spider:1 | Killed Josephine
 26462 | Spider:1 | 26462 ||| Stepping ~*~*~tactically~*~*~ (stealth).
 26507 | Spider:1 | 26507 ||| Stepping ~*~*~tactically~*~*~ (stealth).
 26547 | Spider:1 | 26547 ||| Stepping ~*~*~tactically~*~*~ (stealth).
 26548 | Spider:1 | 26548 ||| Stepping ~*~*~tactically~*~*~ (stealth).
 26549 | Spider:1 | 26549 ||| Stepping ~*~*~tactically~*~*~ (stealth).
 26703 | Spider:1 | 26703 ||| UPGRADING to amulet of reflection.
 26729 | Spider:2 | 26729 ||| INVOKING Heroism.
 26731 | Spider:2 | 26731 ||| STAIRDANCE
 26789 | Spider:2 | 26789 ||| STAIRDANCE
 26803 | Spider:1 | Received a gift from Okawaru
 26857 | Spider:2 | 26857 ||| STAIRDANCE
 26866 | Spider:2 | 26866 ||| STAIRDANCE
 26872 | Spider:2 | 26872 ||| STAIRDANCE
 26915 | Spider:2 | 26915 ||| INVOKING Heroism.
 26918 | Spider:2 | 26918 ||| STAIRDANCE
 27022 | Spider:2 | 27022 ||| STAIRDANCE
 27094 | Spider:2 | 27094 ||| STAIRDANCE
 27122 | Spider:2 | 27122 ||| INVOKING Finesse.
 27123 | Spider:2 | 27123 ||| Stepping ~*~*~tactically~*~*~ (hiding).
 27124 | Spider:2 | 27124 ||| Stepping ~*~*~tactically~*~*~ (hiding).
 27137 | Spider:2 | 27137 ||| INVOKING Heroism.
 27138 | Spider:2 | 27138 ||| Stepping ~*~*~tactically~*~*~ (stealth).
 27141 | Spider:2 | Reached skill level 13 in Fighting
 27227 | Spider:2 | 27227 ||| READING scroll of enchant weapon.
 27227 | Spider:2 | 27227 ||| ENCHANTING +6 broad axe of draining.
 27273 | Spider:2 | 27273 ||| INVOKING Heroism.
 27276 | Spider:2 | 27276 ||| DRINKING 14 potions of curing.
 27276 | Spider:2 | 27276 ||| (to cure confusion)
 27361 | Spider:2 | 27361 ||| INVOKING Heroism.
 27372 | Spider:2 | Received a gift from Okawaru
 27419 | Spider:2 | 27419 ||| FLEEEEING.
 27537 | Spider:2 | 27537 ||| Stepping ~*~*~tactically~*~*~ (hiding).
 27541 | Spider:2 | 27541 ||| INVOKING Finesse.
 27621 | Spider:2 | 27621 ||| INVOKING Finesse.
 27628 | Spider:2 | Reached XP level 17. HP: 108/108 MP: 19/24
 27658 | Spider:2 | 27658 ||| INVOKING Heroism.
 27849 | Spider:2 | 27849 ||| DROPPING amulet of magic regeneration.
 27897 | Spider:3 | 27897 ||| Stepping randomly (disturbance).
 27898 | Spider:3 | 27898 ||| Stepping randomly (disturbance).
 27899 | Spider:3 | 27899 ||| Stepping randomly (disturbance).
 28060 | Spider:3 | 28060 ||| Stepping ~*~*~tactically~*~*~ (stealth).
 28144 | Spider:3 | 28144 ||| Stepping ~*~*~tactically~*~*~ (stealth).
 28146 | Spider:3 | 28146 ||| Stepping ~*~*~tactically~*~*~ (stealth).
 28149 | Spider:3 | 28149 ||| INVOKING Heroism.
 28163 | Spider:3 | Noticed Agnes
 28164 | Spider:3 | 28164 ||| INVOKING Finesse.
 28171 | Spider:3 | Killed Agnes
 28267 | Spider:3 | 28267 ||| Stepping ~*~*~tactically~*~*~ (stealth).
 28271 | Spider:3 | 28271 ||| INVOKING Heroism.
 28306 | Spider:3 | Identified the +7 trident of Luqiul {spect, rElec rPois
                  | rF+++ Dex-2}
 28354 | Spider:3 | 28354 ||| Stepping ~*~*~tactically~*~*~ (stealth).
 28446 | Spider:3 | 28446 ||| Stepping ~*~*~tactically~*~*~ (hiding).
 28609 | Spider:3 | 28609 ||| INVOKING Heroism.
 28684 | Spider:3 | 28684 ||| PLANNING SWAMP:1-3
 28824 | Swamp:1  | Entered Level 1 of the Swamp
 28932 | Swamp:1  | 28932 ||| INVOKING Heroism.
 29050 | Swamp:1  | Identified the ring of Niloit {Fire rN+}
 29101 | Swamp:1  | Identified the +0 chain mail "Unte Dau" {rPois rF+ Int-2}
                  | (Okawaru gifted it to you on level 1 of the Swamp)
 29101 | Swamp:1  | Received a gift from Okawaru
 29179 | Swamp:1  | 29179 ||| INVOKING Heroism.
 29206 | Swamp:1  | Reached skill level 18 in Axes
 29246 | Swamp:1  | 29246 ||| INVOKING Heroism.
 29248 | Swamp:1  | 29248 ||| SWAPPING to -2 demon whip of venom.
 29255 | Swamp:1  | 29255 ||| SWAPPING to +7 broad axe of draining.
 29344 | Swamp:1  | 29344 ||| INVOKING Heroism.
 29807 | Swamp:2  | 29807 ||| INVOKING Heroism.
 29810 | Swamp:2  | 29810 ||| SWAPPING to -2 demon whip of venom.
 29812 | Swamp:2  | 29812 ||| STAIRDANCE
 29815 | Swamp:1  | 29815 ||| SWAPPING to +7 broad axe of draining.
 29836 | Swamp:2  | 29836 ||| SWAPPING to -2 demon whip of venom.
 29847 | Swamp:2  | 29847 ||| SWAPPING to +7 broad axe of draining.
 29931 | Swamp:2  | Noticed Aizul
 29932 | Swamp:2  | 29932 ||| INVOKING Heroism.
 29933 | Swamp:2  | 29933 ||| INVOKING Finesse.
 29946 | Swamp:2  | Killed Aizul
 29990 | Swamp:2  | 29990 ||| INVOKING Heroism.
 29993 | Swamp:2  | 29993 ||| SWAPPING to -2 demon whip of venom.
 30004 | Swamp:2  | 30004 ||| SWAPPING to +7 broad axe of draining.
 30116 | Swamp:2  | 30116 ||| Stepping ~*~*~tactically~*~*~ (hiding).
 30118 | Swamp:2  | 30118 ||| INVOKING Heroism.
 30483 | Swamp:2  | 30483 ||| DROPPING +1 helmet.
 30517 | Swamp:3  | 30517 ||| INVOKING Heroism.
 30520 | Swamp:3  | 30520 ||| SWAPPING to -2 demon whip of venom.
 30524 | Swamp:3  | 30524 ||| Stepping ~*~*~tactically~*~*~ (outnumbered).
 30535 | Swamp:3  | 30535 ||| SWAPPING to +7 broad axe of draining.
 30772 | Swamp:3  | 30772 ||| INVOKING Heroism.
 30779 | Swamp:3  | 30779 ||| Stepping ~*~*~tactically~*~*~ (stealth).
 30782 | Swamp:3  | 30782 ||| SWAPPING to -2 demon whip of venom.
 30785 | Swamp:3  | 30785 ||| Stepping ~*~*~tactically~*~*~ (outnumbered).
 30788 | Swamp:3  | 30788 ||| Stepping ~*~*~tactically~*~*~ (outnumbered).
 30813 | Swamp:3  | 30813 ||| SWAPPING to +7 broad axe of draining.
 30920 | Swamp:3  | 30920 ||| FLEEEEING.
 30921 | Swamp:3  | 30921 ||| FLEEEEING.
 30922 | Swamp:3  | 30922 ||| FLEEEEING.
 30923 | Swamp:3  | 30923 ||| FLEEEEING.
 30924 | Swamp:3  | 30924 ||| FLEEEEING.
 31012 | Swamp:3  | Identified the +3 short sword of the Pill Bug {vorpal,
                  | Str+4}
 31018 | Swamp:3  | Found a transporter.
 31037 | Swamp:3  | 31037 ||| INVOKING Heroism.
 31137 | Swamp:3  | 31137 ||| INVOKING Heroism.
 31142 | Swamp:3  | 31142 ||| Stepping ~*~*~tactically~*~*~ (cloud).
 31183 | Swamp:3  | 31183 ||| INVOKING Heroism.
 31185 | Swamp:3  | 31185 ||| SWAPPING to -2 demon whip of venom.
 31192 | Swamp:3  | 31192 ||| SWAPPING to +7 broad axe of draining.
 31217 | Swamp:3  | 31217 ||| SWAPPING to -2 demon whip of venom.
 31236 | Swamp:3  | 31236 ||| SWAPPING to +7 broad axe of draining.
 31301 | Swamp:3  | 31301 ||| FLEEEEING.
 31302 | Swamp:3  | 31302 ||| FLEEEEING.
 31303 | Swamp:3  | 31303 ||| FLEEEEING.
 31304 | Swamp:3  | 31304 ||| FLEEEEING.
 31305 | Swamp:3  | 31305 ||| FLEEEEING.
 31306 | Swamp:3  | 31306 ||| FLEEEEING.
 31308 | Swamp:3  | 31308 ||| FLEEEEING.
 31309 | Swamp:3  | 31309 ||| FLEEEEING.
 31309 | Swamp:3  | Found a transporter.
 31311 | Swamp:3  | 31311 ||| FLEEEEING.
 31312 | Swamp:3  | 31312 ||| INVOKING Heroism.
 31316 | Swamp:3  | 31316 ||| FLEEEEING.
 31317 | Swamp:3  | 31317 ||| FLEEEEING.
 31318 | Swamp:3  | 31318 ||| FLEEEEING.
 31320 | Swamp:3  | HP: 21/108 [will-o-the-wisp/foxfire (19)]
 31321 | Swamp:3  | 31321 ||| FLEEEEING.
 31322 | Swamp:3  | 31322 ||| FLEEEEING.
 31323 | Swamp:3  | 31323 ||| FLEEEEING.
 31324 | Swamp:3  | 31324 ||| READING 5 scrolls of teleportation.
 31325 | Swamp:3  | 31325 ||| DRINKING potion of heal wounds.
 31325 | Swamp:3  | HP: 24/108 [will-o-the-wisp/foxfire (22)]
 31327 | Swamp:3  | Noticed qw's ghost (adept FoCA)
 31688 | Swamp:3  | 31688 ||| INVOKING Heroism.
 31783 | Swamp:3  | Identified the +7 falchion "Apsong" {vorpal, rF++ rN+ SInv}
 31828 | Swamp:3  | 31828 ||| Stepping ~*~*~tactically~*~*~ (hiding).
 32018 | Swamp:3  | 32018 ||| INVOKING Heroism.
 32055 | Swamp:3  | 32055 ||| PLANNING SPIDER:4
 32209 | Spider:4 | Entered Level 4 of the Spider Nest
 32210 | Spider:4 | 32210 ||| INVOKING Heroism.
 32212 | Spider:4 | 32212 ||| INVOKING Finesse.
 32233 | Spider:4 | 32233 ||| INVOKING Finesse.
 32271 | Spider:4 | 32271 ||| INVOKING Heroism.
 32272 | Spider:4 | 32272 ||| STAIRDANCE
 32406 | Spider:4 | 32406 ||| INVOKING Heroism.
 32546 | Spider:4 | 32546 ||| INVOKING Heroism.
 32554 | Spider:4 | Identified the +7 broad axe of Action {drain, Str+3}
                  | (Okawaru gifted it to you on level 4 of the Spider Nest)
 32554 | Spider:4 | Received a gift from Okawaru
 32555 | Spider:4 | Reached XP level 18. HP: 116/116 MP: 23/25
 32555 | Spider:4 | 32555 ||| DROPPING -2 demon whip of venom.
 32569 | Spider:4 | 32569 ||| SWAPPING to +7 broad axe of Action {drain,
                  | Str+3}.
 32570 | Spider:4 | 32570 ||| DROPPING +7 broad axe of draining.
 32571 | Spider:4 | 32571 ||| DROPPING +1 war axe of holy wrath.
 32680 | Spider:4 | Reached skill level 14 in Fighting
 32689 | Spider:4 | 32689 ||| INVOKING Heroism.
 32820 | Spider:4 | 32820 ||| FLEEEEING.
 32821 | Spider:4 | 32821 ||| FLEEEEING.
 33148 | Spider:4 | 33148 ||| INVOKING Heroism.
 33239 | Spider:4 | 33239 ||| Stepping ~*~*~tactically~*~*~ (hiding).
 33240 | Spider:4 | 33240 ||| Stepping ~*~*~tactically~*~*~ (hiding).
 33359 | Spider:4 | 33359 ||| Stepping ~*~*~tactically~*~*~ (stealth).
 33367 | Spider:4 | 33367 ||| INVOKING Heroism.
 33405 | Spider:4 | 33405 ||| Stepping ~*~*~tactically~*~*~ (stealth).
 33427 | Spider:4 | 33427 ||| INVOKING Finesse.
 33448 | Spider:4 | Reached skill level 18 in Armour
 33474 | Spider:4 | Received a gift from Okawaru
 33535 | Spider:4 | 33535 ||| Stepping randomly (disturbance).
 33536 | Spider:4 | 33536 ||| Stepping randomly (disturbance).
 33749 | Spider:4 | 33749 ||| Stepping ~*~*~tactically~*~*~ (hiding).
 33750 | Spider:4 | 33750 ||| Stepping ~*~*~tactically~*~*~ (hiding).
 33756 | Spider:4 | 33756 ||| INVOKING Heroism.
 33890 | Spider:4 | 33890 ||| Stepping randomly (disturbance).
 33891 | Spider:4 | 33891 ||| Stepping randomly (disturbance).
 33904 | Spider:4 | Reached skill level 6 in Throwing
 34037 | Spider:4 | Got a gossamer rune of Zot
 34181 | Spider:4 | 34181 ||| PLANNING VAULTS:1-4
 34181 | Spider:4 | 34181 ||| DROPPING scarf of repulsion.
 34462 | Vaults:1 | Entered Level 1 of the Vaults
 34463 | Vaults:1 | 34463 ||| PLANNING WIZLAB
 34472 | Vaults:1 | 34472 ||| INVOKING Heroism.
 34483 | Vaults:1 | Identified the +0 pair of boots "Qiruwkatt" {Str+7}
                  | (Okawaru gifted it to you on level 1 of the Vaults)
 34483 | Vaults:1 | Received a gift from Okawaru
 34492 | Vaults:1 | 34492 ||| Stepping ~*~*~tactically~*~*~ (hiding).
 34771 | Vaults:1 | 34771 ||| Stepping ~*~*~tactically~*~*~ (hiding).
 34773 | Vaults:1 | 34773 ||| Stepping ~*~*~tactically~*~*~ (hiding).
 34804 | Vaults:1 | 34804 ||| Stepping ~*~*~tactically~*~*~ (stealth).
 34806 | Vaults:1 | 34806 ||| Stepping ~*~*~tactically~*~*~ (hiding).
 34885 | Vaults:1 | 34885 ||| INVOKING Heroism.
 34916 | Vaults:1 | HP: 28/118 [vault warden/+0 great sword (30)]
 34917 | Vaults:1 | 34917 ||| READING 6 scrolls of teleportation.
 34917 | Vaults:1 | HP: 8/118 [large slime creature (10)]
 34918 | Vaults:1 | 34918 ||| DRINKING 2 potions of heal wounds.
 34919 | Vaults:1 | 34919 ||| DRINKING potion of heal wounds.
 34920 | Vaults:1 | 34920 ||| INVOKING Heroism.
 34923 | Vaults:1 | Reached skill level 15 in Fighting
 34949 | Vaults:1 | 34949 ||| READING 5 scrolls of teleportation.
 35045 | Vaults:1 | 35045 ||| INVOKING Heroism.
 35202 | Vaults:1 | 35202 ||| RIP WIZLAB
 35317 | Vaults:1 | 35317 ||| PLANNING VAULTS:1-4
 35349 | Vaults:1 | 35349 ||| Stepping ~*~*~tactically~*~*~ (hiding).
 35384 | Vaults:1 | 35384 ||| Stepping ~*~*~tactically~*~*~ (hiding).
 35387 | Vaults:1 | 35387 ||| INVOKING Heroism.
 35389 | Vaults:1 | 35389 ||| Stepping ~*~*~tactically~*~*~ (hiding).
 35916 | Vaults:1 | 35916 ||| INVOKING Heroism.
 36060 | Vaults:1 | 36060 ||| Stepping ~*~*~tactically~*~*~ (hiding).
 36074 | Vaults:1 | 36074 ||| INVOKING Heroism.
 36077 | Vaults:1 | 36077 ||| INVOKING Finesse.
 36082 | Vaults:1 | Received a gift from Okawaru
 36095 | Vaults:1 | Reached XP level 19. HP: 117/124 MP: 20/26
 36331 | Vaults:1 | 36331 ||| Stepping ~*~*~tactically~*~*~ (hiding).
 36338 | Vaults:1 | 36338 ||| INVOKING Heroism.
 36357 | Vaults:1 | Received a gift from Okawaru
 36441 | Vaults:1 | 36441 ||| INVOKING Heroism.
 36451 | Vaults:1 | 36451 ||| Stepping ~*~*~tactically~*~*~ (stealth).
 36528 | Vaults:1 | Found the +9 heavy crossbow "Sniper" {vorpal, Acc+∞ SInv}
 36529 | Vaults:1 | 36529 ||| Stepping ~*~*~tactically~*~*~ (hiding).
 36531 | Vaults:1 | 36531 ||| Stepping ~*~*~tactically~*~*~ (hiding).
 36571 | Vaults:1 | 36571 ||| Stepping ~*~*~tactically~*~*~ (hiding).
 36576 | Vaults:1 | 36576 ||| INVOKING Heroism.
 36577 | Vaults:1 | 36577 ||| INVOKING Finesse.
 36593 | Vaults:1 | Reached skill level 15 in Shields
 36636 | Vaults:1 | 36636 ||| Stepping ~*~*~tactically~*~*~ (stealth).
 36642 | Vaults:1 | 36642 ||| Stepping ~*~*~tactically~*~*~ (stealth).
 36644 | Vaults:1 | 36644 ||| Stepping ~*~*~tactically~*~*~ (hiding).
 37220 | Vaults:1 | 37220 ||| UPGRADING to +0 pair of boots "Qiruwkatt"
                  | {Str+7}.
 37230 | Vaults:1 | 37230 ||| DROPPING +0 pair of boots.
 37332 | Vaults:2 | 37332 ||| INVOKING Heroism.
 37393 | Vaults:2 | 37393 ||| INVOKING Heroism.
 37594 | Vaults:2 | 37594 ||| INVOKING Heroism.
 37671 | Vaults:2 | 37671 ||| Stepping ~*~*~tactically~*~*~ (hiding).
 37767 | Vaults:2 | 37767 ||| INVOKING Heroism.
 37768 | Vaults:2 | 37768 ||| INVOKING Finesse.
 37798 | Vaults:2 | Reached skill level 9 in Throwing
 38000 | Vaults:2 | 38000 ||| INVOKING Heroism.
 38017 | Vaults:2 | Identified the +2 scale mail of Hieria {Harm MP+9} (Okawaru
                  | gifted it to you on level 2 of the Vaults)
 38017 | Vaults:2 | Received a gift from Okawaru
 38117 | Vaults:2 | 38117 ||| INVOKING Heroism.
 38296 | Vaults:2 | 38296 ||| INVOKING Heroism.
 38339 | Vaults:2 | 38339 ||| Stepping ~*~*~tactically~*~*~ (hiding).
 38340 | Vaults:2 | 38340 ||| Stepping ~*~*~tactically~*~*~ (hiding).
 38378 | Vaults:2 | 38378 ||| INVOKING Heroism.
 38391 | Vaults:2 | Reached skill level 16 in Fighting
 38570 | Vaults:2 | 38570 ||| Stepping ~*~*~tactically~*~*~ (hiding).
 38575 | Vaults:2 | 38575 ||| INVOKING Heroism.
 38596 | Vaults:2 | Reached skill level 6 in Dodging
 38610 | Vaults:2 | Found a staircase to the Crypt.
 38611 | Vaults:2 | 38611 ||| Stepping ~*~*~tactically~*~*~ (stealth).
 38613 | Vaults:2 | 38613 ||| Stepping ~*~*~tactically~*~*~ (stealth).
 38615 | Vaults:2 | 38615 ||| Stepping ~*~*~tactically~*~*~ (stealth).
 38617 | Vaults:2 | 38617 ||| Stepping ~*~*~tactically~*~*~ (stealth).
 38619 | Vaults:2 | 38619 ||| Stepping ~*~*~tactically~*~*~ (stealth).
 38868 | Vaults:2 | 38868 ||| Stepping ~*~*~tactically~*~*~ (stealth).
 38933 | Vaults:2 | 38933 ||| INVOKING Heroism.
 39071 | Vaults:2 | 39071 ||| UPGRADING to +2 tower shield.
 39081 | Vaults:2 | 39081 ||| DROPPING +0 kite shield.
 39082 | Vaults:2 | 39082 ||| DROPPING ring of fire.
 39132 | Vaults:3 | 39132 ||| INVOKING Heroism.
 39133 | Vaults:3 | 39133 ||| STAIRDANCE
 39189 | Vaults:3 | 39189 ||| INVOKING Heroism.
 39190 | Vaults:3 | 39190 ||| STAIRDANCE
 39201 | Vaults:3 | 39201 ||| STAIRDANCE
 39272 | Vaults:3 | 39272 ||| Stepping ~*~*~tactically~*~*~ (stealth).
 39280 | Vaults:3 | 39280 ||| INVOKING Heroism.
 39294 | Vaults:3 | Reached XP level 20. HP: 132/132 MP: 27/27
 39401 | Vaults:3 | 39401 ||| Stepping ~*~*~tactically~*~*~ (hiding).
 39423 | Vaults:3 | 39423 ||| Stepping ~*~*~tactically~*~*~ (hiding).
 39424 | Vaults:3 | 39424 ||| Stepping ~*~*~tactically~*~*~ (hiding).
 39431 | Vaults:3 | 39431 ||| INVOKING Heroism.
 39441 | Vaults:3 | 39441 ||| Stepping ~*~*~tactically~*~*~ (stealth).
 39443 | Vaults:3 | 39443 ||| Stepping ~*~*~tactically~*~*~ (stealth).
 39732 | Vaults:3 | Found a portal to a secret trove of treasure.
 39755 | Vaults:3 | 39755 ||| Stepping ~*~*~tactically~*~*~ (hiding).
 39763 | Vaults:3 | 39763 ||| INVOKING Heroism.
 39768 | Vaults:3 | Identified the +0 ring mail of the Saviour {+Blink}
                  | (Okawaru gifted it to you on level 3 of the Vaults)
 39768 | Vaults:3 | Received a gift from Okawaru
 39976 | Vaults:3 | 39976 ||| Stepping ~*~*~tactically~*~*~ (stealth).
 39977 | Vaults:3 | 39977 ||| Stepping ~*~*~tactically~*~*~ (stealth).
 39997 | Vaults:3 | 39997 ||| Stepping ~*~*~tactically~*~*~ (hiding).
 40004 | Vaults:3 | 40004 ||| FLEEEEING.
 40005 | Vaults:3 | 40005 ||| FLEEEEING.
 40006 | Vaults:3 | 40006 ||| FLEEEEING.
 40007 | Vaults:3 | 40007 ||| FLEEEEING.
 40008 | Vaults:3 | 40008 ||| FLEEEEING.
 40009 | Vaults:3 | 40009 ||| FLEEEEING.
 40010 | Vaults:3 | 40010 ||| FLEEEEING.
 40011 | Vaults:3 | 40011 ||| FLEEEEING.
 40012 | Vaults:3 | 40012 ||| FLEEEEING.
 40013 | Vaults:3 | 40013 ||| FLEEEEING.
 40014 | Vaults:3 | 40014 ||| FLEEEEING.
 40019 | Vaults:3 | 40019 ||| INVOKING Heroism.
 40162 | Vaults:3 | 40162 ||| Stepping ~*~*~tactically~*~*~ (stealth).
 40164 | Vaults:3 | 40164 ||| INVOKING Heroism.
 40283 | Vaults:3 | 40283 ||| Stepping ~*~*~tactically~*~*~ (hiding).
 40284 | Vaults:3 | 40284 ||| Stepping ~*~*~tactically~*~*~ (hiding).
 40346 | Vaults:3 | 40346 ||| Stepping ~*~*~tactically~*~*~ (stealth).
 40377 | Vaults:3 | 40377 ||| FLEEEEING.
 40381 | Vaults:3 | 40381 ||| FLEEEEING.
 40382 | Vaults:3 | 40382 ||| FLEEEEING.
 40383 | Vaults:3 | 40383 ||| FLEEEEING.
 40384 | Vaults:3 | 40384 ||| FLEEEEING.
 40385 | Vaults:3 | 40385 ||| FLEEEEING.
 40443 | Vaults:3 | Found Qydghaom's Book Emporium.
 40476 | Vaults:3 | 40476 ||| INVOKING Heroism.
 40644 | Vaults:3 | 40644 ||| Stepping ~*~*~tactically~*~*~ (hiding).
 40663 | Vaults:3 | Reached skill level 18 in Shields
 40706 | Vaults:3 | 40706 ||| Stepping ~*~*~tactically~*~*~ (hiding).
 40940 | Vaults:3 | 40940 ||| DROPPING ring of magical power.
 40941 | Vaults:3 | 40941 ||| READING 20 scrolls of identify.
 40941 | Vaults:3 | 40941 ||| IDENTIFYING emerald potion
 41084 | Vaults:4 | 41084 ||| Stepping ~*~*~tactically~*~*~ (hiding).
 41085 | Vaults:4 | 41085 ||| Stepping ~*~*~tactically~*~*~ (hiding).
 41157 | Vaults:4 | 41157 ||| INVOKING Heroism.
 41176 | Vaults:4 | 41176 ||| Stepping ~*~*~tactically~*~*~ (stealth).
 41292 | Vaults:4 | 41292 ||| INVOKING Heroism.
 41308 | Vaults:4 | 41308 ||| Stepping ~*~*~tactically~*~*~ (stealth).
 41310 | Vaults:4 | 41310 ||| Stepping ~*~*~tactically~*~*~ (hiding).
 41406 | Vaults:4 | 41406 ||| INVOKING Heroism.
 41437 | Vaults:4 | 41437 ||| Stepping ~*~*~tactically~*~*~ (hiding).
 41441 | Vaults:4 | 41441 ||| Stepping ~*~*~tactically~*~*~ (hiding).
 41604 | Vaults:4 | 41604 ||| INVOKING Heroism.
 41652 | Vaults:4 | Reached skill level 17 in Fighting
 41657 | Vaults:4 | Identified the +8 demon blade "Bocrifuv" {vorpal, Int+4}
                  | (Okawaru gifted it to you on level 4 of the Vaults)
 41657 | Vaults:4 | Received a gift from Okawaru
 41763 | Vaults:4 | 41763 ||| Stepping ~*~*~tactically~*~*~ (hiding).
 41767 | Vaults:4 | 41767 ||| INVOKING Heroism.
 41952 | Vaults:4 | 41952 ||| Stepping ~*~*~tactically~*~*~ (stealth).
 41955 | Vaults:4 | 41955 ||| Stepping ~*~*~tactically~*~*~ (stealth).
 42010 | Vaults:4 | 42010 ||| Stepping ~*~*~tactically~*~*~ (stealth).
 42175 | Vaults:4 | 42175 ||| FLEEEEING.
 42176 | Vaults:4 | 42176 ||| FLEEEEING.
 42177 | Vaults:4 | 42177 ||| FLEEEEING.
 42178 | Vaults:4 | 42178 ||| FLEEEEING.
 42179 | Vaults:4 | 42179 ||| FLEEEEING.
 42180 | Vaults:4 | 42180 ||| INVOKING Heroism.
 42191 | Vaults:4 | Reached XP level 21. HP: 139/139 MP: 26/28
 42663 | Vaults:4 | 42663 ||| PLANNING SWAMP:4
 42663 | Vaults:4 | 42663 ||| UPGRADING to ring of protection from fire.
 43021 | Swamp:4  | Entered Level 4 of the Swamp
 43058 | Swamp:4  | 43058 ||| Stepping ~*~*~tactically~*~*~ (stealth).
 43080 | Swamp:4  | 43080 ||| Stepping ~*~*~tactically~*~*~ (cloud).
 43156 | Swamp:4  | 43156 ||| Stepping ~*~*~tactically~*~*~ (hiding).
 43271 | Swamp:4  | 43271 ||| Stepping ~*~*~tactically~*~*~ (hiding).
 43604 | Swamp:4  | 43604 ||| INVOKING Heroism.
 43617 | Swamp:4  | Received a gift from Okawaru
 43810 | Swamp:4  | 43810 ||| INVOKING Heroism.
 43959 | Swamp:4  | 43959 ||| INVOKING Heroism.
 43971 | Swamp:4  | Noticed the 27-headed Lernaean hydra
 43981 | Swamp:4  | Received a gift from Okawaru
 43985 | Swamp:4  | Killed the 26-headed Lernaean hydra
 44004 | Swamp:4  | 44004 ||| FLEEEEING.
 44005 | Swamp:4  | 44005 ||| FLEEEEING.
 44008 | Swamp:4  | 44008 ||| FLEEEEING.
 44009 | Swamp:4  | 44009 ||| FLEEEEING.
 44013 | Swamp:4  | 44013 ||| FLEEEEING.
 44014 | Swamp:4  | 44014 ||| FLEEEEING.
 44015 | Swamp:4  | 44015 ||| FLEEEEING.
 44018 | Swamp:4  | 44018 ||| FLEEEEING.
 44019 | Swamp:4  | 44019 ||| FLEEEEING.
 44020 | Swamp:4  | 44020 ||| STAIRDANCE
 44296 | Swamp:4  | 44296 ||| INVOKING Heroism.
 44297 | Swamp:4  | 44297 ||| Stepping ~*~*~tactically~*~*~ (stealth).
 44317 | Swamp:4  | 44317 ||| Stepping ~*~*~tactically~*~*~ (hiding).
 44379 | Swamp:4  | 44379 ||| Stepping ~*~*~tactically~*~*~ (hiding).
 44417 | Swamp:4  | Got a decaying rune of Zot
 44527 | Swamp:4  | 44527 ||| PLANNING DEPTHS
 44775 | D:15     | 44775 ||| Stepping ~*~*~tactically~*~*~ (stealth).
 44776 | D:15     | 44776 ||| Stepping ~*~*~tactically~*~*~ (stealth).
 44843 | Depths:1 | Entered Level 1 of the Depths
 44906 | Depths:1 | 44906 ||| INVOKING Heroism.
 44907 | Depths:1 | 44907 ||| INVOKING Finesse.
 45084 | Depths:1 | 45084 ||| INVOKING Heroism.
 45224 | Depths:1 | 45224 ||| Stepping ~*~*~tactically~*~*~ (stealth).
 45226 | Depths:1 | 45226 ||| Stepping ~*~*~tactically~*~*~ (stealth).
 45228 | Depths:1 | 45228 ||| Stepping ~*~*~tactically~*~*~ (stealth).
 45246 | Depths:1 | 45246 ||| Stepping ~*~*~tactically~*~*~ (hiding).
 45248 | Depths:1 | 45248 ||| Stepping ~*~*~tactically~*~*~ (hiding).
 45312 | Depths:1 | 45312 ||| INVOKING Heroism.
 45313 | Depths:1 | 45313 ||| INVOKING Finesse.
 45381 | Depths:1 | 45381 ||| Stepping ~*~*~tactically~*~*~ (stealth).
 45388 | Depths:1 | 45388 ||| INVOKING Heroism.
 45389 | Depths:1 | Reached skill level 18 in Fighting
 45398 | Depths:1 | 45398 ||| Stepping ~*~*~tactically~*~*~ (stealth).
 45400 | Depths:1 | 45400 ||| INVOKING Finesse.
 45404 | Depths:1 | 45404 ||| Stepping ~*~*~tactically~*~*~ (hiding).
 45531 | Depths:1 | 45531 ||| Stepping ~*~*~tactically~*~*~ (hiding).
 45532 | Depths:1 | 45532 ||| Stepping ~*~*~tactically~*~*~ (hiding).
 45575 | Depths:1 | 45575 ||| INVOKING Heroism.
 45823 | Depths:1 | 45823 ||| Stepping ~*~*~tactically~*~*~ (stealth).
 45825 | Depths:1 | 45825 ||| Stepping ~*~*~tactically~*~*~ (hiding).
 45868 | Depths:1 | Found a gateway to Hell.
 45875 | Depths:1 | Identified the +1 chain mail "Duppecem" {Dex+6}
 46126 | Depths:2 | Received a gift from Okawaru
 46249 | Depths:2 | 46249 ||| Stepping ~*~*~tactically~*~*~ (stealth).
 46251 | Depths:2 | 46251 ||| INVOKING Heroism.
 46252 | Depths:2 | 46252 ||| Stepping ~*~*~tactically~*~*~ (stealth).
 46255 | Depths:2 | 46255 ||| Stepping ~*~*~tactically~*~*~ (hiding).
 46256 | Depths:2 | 46256 ||| INVOKING Finesse.
 46263 | Depths:2 | 46263 ||| Stepping ~*~*~tactically~*~*~ (stealth).
 46264 | Depths:2 | 46264 ||| Stepping ~*~*~tactically~*~*~ (stealth).
 46380 | Depths:2 | 46380 ||| INVOKING Heroism.
 46401 | Depths:2 | Noticed a golden dragon
 46402 | Depths:2 | 46402 ||| Stepping ~*~*~tactically~*~*~ (hiding).
 46404 | Depths:2 | 46404 ||| Stepping ~*~*~tactically~*~*~ (hiding).
 46405 | Depths:2 | 46405 ||| Stepping ~*~*~tactically~*~*~ (hiding).
 46407 | Depths:2 | 46407 ||| INVOKING Heroism.
 46430 | Depths:2 | 46430 ||| Stepping ~*~*~tactically~*~*~ (stealth).
 46431 | Depths:2 | 46431 ||| Stepping ~*~*~tactically~*~*~ (stealth).
 46439 | Depths:2 | 46439 ||| Stepping ~*~*~tactically~*~*~ (hiding).
 46443 | Depths:2 | 46443 ||| Stepping ~*~*~tactically~*~*~ (hiding).
 46467 | Depths:2 | 46467 ||| Stepping ~*~*~tactically~*~*~ (stealth).
 46474 | Depths:2 | 46474 ||| Stepping ~*~*~tactically~*~*~ (stealth).
 46476 | Depths:2 | 46476 ||| Stepping ~*~*~tactically~*~*~ (stealth).
 46487 | Depths:2 | 46487 ||| Stepping ~*~*~tactically~*~*~ (stealth).
 46488 | Depths:2 | 46488 ||| INVOKING Heroism.
 46489 | Depths:2 | 46489 ||| INVOKING Finesse.
 46507 | Depths:2 | Killed a golden dragon
 46593 | Depths:2 | 46593 ||| Stepping ~*~*~tactically~*~*~ (stealth).
 46594 | Depths:2 | 46594 ||| Stepping ~*~*~tactically~*~*~ (stealth).
 46599 | Depths:2 | 46599 ||| INVOKING Heroism.
 46614 | Depths:2 | Reached skill level 21 in Armour
 46936 | Depths:2 | 46936 ||| INVOKING Heroism.
 46951 | Depths:2 | Found a one-way gate leading to the halls of Pandemonium.
 46958 | Depths:2 | Identified the +7 arbalest of the Land of Plenty {flame,
                  | rC+ rN+ Will-}
 46962 | Depths:2 | 46962 ||| Stepping ~*~*~tactically~*~*~ (hiding).
 46963 | Depths:2 | 46963 ||| Stepping ~*~*~tactically~*~*~ (hiding).
 47235 | Depths:2 | Found a one-way gate to the infinite horrors of the Abyss.
 47242 | Depths:2 | 47242 ||| INVOKING Finesse.
 47434 | Depths:2 | 47434 ||| Stepping ~*~*~tactically~*~*~ (stealth).
 47435 | Depths:2 | 47435 ||| Stepping ~*~*~tactically~*~*~ (stealth).
 47436 | Depths:2 | 47436 ||| Stepping ~*~*~tactically~*~*~ (stealth).
 47437 | Depths:2 | 47437 ||| Stepping ~*~*~tactically~*~*~ (stealth).
 47532 | Depths:3 | 47532 ||| INVOKING Heroism.
 47533 | Depths:3 | 47533 ||| STAIRDANCE
 47549 | Depths:3 | 47549 ||| STAIRDANCE
 47558 | Depths:2 | Reached XP level 22. HP: 127/147 MP: 29/29
 47636 | Depths:3 | 47636 ||| FLEEEEING.
 47637 | Depths:3 | 47637 ||| STAIRDANCE
 47684 | Depths:3 | 47684 ||| Stepping ~*~*~tactically~*~*~ (hiding).
 47685 | Depths:3 | 47685 ||| Stepping ~*~*~tactically~*~*~ (hiding).
 47692 | Depths:3 | Received a gift from Okawaru
 47996 | Depths:3 | 47996 ||| INVOKING Heroism.
 48022 | Depths:3 | Found a one-way gateway to a ziggurat.
 48077 | Depths:3 | 48077 ||| INVOKING Heroism.
 48121 | Depths:3 | 48121 ||| Stepping ~*~*~tactically~*~*~ (hiding).
 48125 | Depths:3 | 48125 ||| INVOKING Heroism.
 48292 | Depths:3 | 48292 ||| INVOKING Heroism.
 48326 | Depths:3 | 48326 ||| FLEEEEING.
 48330 | Depths:3 | 48330 ||| Stepping ~*~*~tactically~*~*~ (stealth).
 48341 | Depths:3 | 48341 ||| Stepping ~*~*~tactically~*~*~ (stealth).
 48365 | Depths:3 | 48365 ||| Stepping ~*~*~tactically~*~*~ (stealth).
 48367 | Depths:3 | 48367 ||| Stepping ~*~*~tactically~*~*~ (stealth).
 48377 | Depths:3 | 48377 ||| INVOKING Heroism.
 48378 | Depths:3 | 48378 ||| INVOKING Finesse.
 48535 | Depths:3 | 48535 ||| INVOKING Finesse.
 48540 | Depths:3 | 48540 ||| Stepping ~*~*~tactically~*~*~ (stealth).
 48559 | Depths:3 | Received a gift from Okawaru
 48638 | Depths:3 | 48638 ||| INVOKING Heroism.
 48639 | Depths:3 | 48639 ||| INVOKING Finesse.
 48687 | Depths:3 | 48687 ||| INVOKING Heroism.
 48689 | Depths:3 | Reached skill level 19 in Fighting
 49064 | Depths:4 | Entered Level 4 of the Depths
 49074 | Depths:4 | 49074 ||| Stepping ~*~*~tactically~*~*~ (hiding).
 49323 | Depths:4 | 49323 ||| INVOKING Heroism.
 49342 | Depths:4 | 49342 ||| Stepping randomly (cloudy).
 49442 | Depths:4 | Found a white marble altar of Elyvilon.
 49485 | Depths:4 | Noticed a golden dragon
 49486 | Depths:4 | 49486 ||| INVOKING Heroism.
 49487 | Depths:4 | 49487 ||| INVOKING Finesse.
 49505 | Depths:4 | Killed a golden dragon
 49554 | Depths:4 | Found a gate to the Realm of Zot.
 49555 | Depths:4 | 49555 ||| Stepping ~*~*~tactically~*~*~ (hiding).
 49556 | Depths:4 | 49556 ||| Stepping ~*~*~tactically~*~*~ (stealth).
 49557 | Depths:4 | 49557 ||| Stepping ~*~*~tactically~*~*~ (stealth).
 49558 | Depths:4 | 49558 ||| INVOKING Heroism.
 49618 | Depths:4 | 49618 ||| Stepping ~*~*~tactically~*~*~ (stealth).
 49624 | Depths:4 | 49624 ||| Stepping ~*~*~tactically~*~*~ (stealth).
 49826 | Depths:4 | 49826 ||| READING scroll of enchant armour.
 49826 | Depths:4 | 49826 ||| ENCHANTING +0 crystal plate armour.
 49853 | Depths:4 | Noticed a juggernaut
 49854 | Depths:4 | 49854 ||| INVOKING Heroism.
 49855 | Depths:4 | 49855 ||| INVOKING Finesse.
 49865 | Depths:4 | 49865 ||| Stepping ~*~*~tactically~*~*~ (hiding).
 49871 | Depths:4 | Killed a juggernaut
 49922 | Depths:4 | Found a burning altar of Makhleb.
 49923 | Depths:4 | 49923 ||| Stepping ~*~*~tactically~*~*~ (hiding).
 49924 | Depths:4 | 49924 ||| Stepping ~*~*~tactically~*~*~ (hiding).
 49926 | Depths:4 | 49926 ||| Stepping ~*~*~tactically~*~*~ (hiding).
 49932 | Depths:4 | 49932 ||| INVOKING Heroism.
 49956 | Depths:4 | Identified the +1 pair of gloves "Gisofaiw" {-Cast Rampage
                  | Will+++ Regen+} (Okawaru gifted it to you on level 4 of the
                  | Depths)
 49956 | Depths:4 | Received a gift from Okawaru
 50027 | Depths:4 | 50027 ||| Stepping ~*~*~tactically~*~*~ (stealth).
 50038 | Depths:4 | 50038 ||| Stepping ~*~*~tactically~*~*~ (stealth).
 50039 | Depths:4 | 50039 ||| Stepping ~*~*~tactically~*~*~ (stealth).
 50040 | Depths:4 | 50040 ||| Stepping ~*~*~tactically~*~*~ (stealth).
 50105 | Depths:4 | 50105 ||| READING scroll of enchant armour.
 50105 | Depths:4 | 50105 ||| ENCHANTING +1 crystal plate armour.
 50121 | Depths:4 | Noticed a golden dragon
 50122 | Depths:4 | 50122 ||| INVOKING Heroism.
 50123 | Depths:4 | 50123 ||| INVOKING Finesse.
 50132 | Depths:4 | Killed a golden dragon
 50211 | Depths:4 | Noticed a caustic shrike
 50211 | Depths:4 | Noticed a caustic shrike
 50212 | Depths:4 | 50212 ||| INVOKING Heroism.
 50213 | Depths:4 | 50213 ||| INVOKING Finesse.
 50213 | Depths:4 | Noticed a caustic shrike
 50223 | Depths:4 | Killed a caustic shrike
 50228 | Depths:4 | Killed a caustic shrike
 50232 | Depths:4 | Killed a caustic shrike
 50302 | Depths:4 | 50302 ||| INVOKING Heroism.
 50316 | Depths:4 | 50316 ||| Stepping ~*~*~tactically~*~*~ (hiding).
 50320 | Depths:4 | Found a basalt altar of Yredelemnul.
 50355 | Depths:4 | Reached skill level 20 in Fighting
 50381 | Depths:4 | 50381 ||| FLEEEEING.
 50636 | Depths:4 | 50636 ||| Stepping ~*~*~tactically~*~*~ (stealth).
 50638 | Depths:4 | 50638 ||| INVOKING Heroism.
 50641 | Depths:4 | 50641 ||| Stepping ~*~*~tactically~*~*~ (stealth).
 50645 | Depths:4 | 50645 ||| Stepping ~*~*~tactically~*~*~ (stealth).
 50656 | Depths:4 | Reached XP level 23. HP: 156/156 MP: 30/30
 50686 | Depths:4 | 50686 ||| INVOKING Heroism.
 50790 | Depths:4 | Found an opulent altar of Gozag.
 50793 | Depths:4 | 50793 ||| INVOKING Heroism.
 51172 | Depths:4 | 51172 ||| INVOKING Finesse.
 51173 | Depths:4 | 51173 ||| INVOKING Heroism.
 51234 | Depths:4 | Noticed a golden dragon
 51235 | Depths:4 | 51235 ||| INVOKING Heroism.
 51236 | Depths:4 | 51236 ||| INVOKING Finesse.
 51244 | Depths:4 | Killed a golden dragon
 51293 | Depths:4 | 51293 ||| PLANNING VAULTS:5
 51293 | Depths:4 | 51293 ||| UPGRADING to +1 pair of gloves "Gisofaiw" {-Cast
                  | Rampage Will+++ Regen+}.
 51303 | Depths:4 | 51303 ||| DROPPING +2 pair of gloves.
 51304 | Depths:4 | 51304 ||| DROPPING +1 cloak.
 51610 | Vaults:5 | Entered Level 5 of the Vaults
 51611 | Vaults:5 | 51611 ||| INVOKING Heroism.
 51612 | Vaults:5 | 51612 ||| STAIRDANCE
 51633 | Vaults:5 | 51633 ||| STAIRDANCE
 51640 | Vaults:4 | Reached skill level 21 in Shields
 51666 | Vaults:5 | 51666 ||| STAIRDANCE
 51668 | Vaults:4 | 51668 ||| INVOKING Heroism.
 51707 | Vaults:5 | 51707 ||| STAIRDANCE
 51724 | Vaults:5 | 51724 ||| STAIRDANCE
 51735 | Vaults:5 | 51735 ||| STAIRDANCE
 51743 | Vaults:5 | 51743 ||| STAIRDANCE
 51756 | Vaults:5 | Noticed a golden dragon
 51757 | Vaults:5 | 51757 ||| Stepping ~*~*~tactically~*~*~ (hiding).
 51760 | Vaults:5 | 51760 ||| Stepping ~*~*~tactically~*~*~ (hiding).
 51763 | Vaults:5 | 51763 ||| INVOKING Heroism.
 51764 | Vaults:5 | 51764 ||| INVOKING Finesse.
 51773 | Vaults:5 | Killed a golden dragon
 51793 | Vaults:5 | 51793 ||| Stepping ~*~*~tactically~*~*~ (hiding).
 51811 | Vaults:5 | 51811 ||| Stepping ~*~*~tactically~*~*~ (stealth).
 51812 | Vaults:5 | 51812 ||| Stepping ~*~*~tactically~*~*~ (stealth).
 51813 | Vaults:5 | 51813 ||| INVOKING Heroism.
 51814 | Vaults:5 | Noticed a dread lich
 51826 | Vaults:5 | Killed a dread lich
 51826 | Vaults:5 | Received a gift from Okawaru
 51834 | Vaults:5 | Reached skill level 21 in Fighting
 51852 | Vaults:5 | 51852 ||| Stepping ~*~*~tactically~*~*~ (stealth).
 51856 | Vaults:5 | 51856 ||| Stepping ~*~*~tactically~*~*~ (stealth).
 51857 | Vaults:5 | 51857 ||| Stepping ~*~*~tactically~*~*~ (stealth).
 51868 | Vaults:5 | 51868 ||| INVOKING Heroism.
 51931 | Vaults:5 | 51931 ||| Stepping ~*~*~tactically~*~*~ (hiding).
 51932 | Vaults:5 | 51932 ||| Stepping ~*~*~tactically~*~*~ (hiding).
 51933 | Vaults:5 | 51933 ||| Stepping ~*~*~tactically~*~*~ (hiding).
 51934 | Vaults:5 | 51934 ||| Stepping ~*~*~tactically~*~*~ (hiding).
 51935 | Vaults:5 | 51935 ||| INVOKING Heroism.
 51936 | Vaults:5 | 51936 ||| INVOKING Finesse.
 51966 | Vaults:5 | 51966 ||| Stepping ~*~*~tactically~*~*~ (stealth).
 51977 | Vaults:5 | 51977 ||| INVOKING Heroism.
 51984 | Vaults:5 | 51984 ||| Stepping ~*~*~tactically~*~*~ (hiding).
 51986 | Vaults:5 | 51986 ||| Stepping ~*~*~tactically~*~*~ (hiding).
 51989 | Vaults:5 | 51989 ||| Stepping ~*~*~tactically~*~*~ (hiding).
 51991 | Vaults:5 | 51991 ||| Stepping ~*~*~tactically~*~*~ (hiding).
 51993 | Vaults:5 | 51993 ||| Stepping ~*~*~tactically~*~*~ (hiding).
 51994 | Vaults:5 | 51994 ||| Stepping ~*~*~tactically~*~*~ (hiding).
 51995 | Vaults:5 | Noticed a golden dragon
 52003 | Vaults:5 | Received a gift from Okawaru
 52008 | Vaults:5 | 52008 ||| Stepping ~*~*~tactically~*~*~ (hiding).
 52017 | Vaults:5 | 52017 ||| Stepping ~*~*~tactically~*~*~ (hiding).
 52025 | Vaults:5 | 52025 ||| Stepping ~*~*~tactically~*~*~ (hiding).
 52039 | Vaults:5 | Killed a golden dragon
 52063 | Vaults:5 | 52063 ||| INVOKING Finesse.
 52066 | Vaults:5 | 52066 ||| Stepping ~*~*~tactically~*~*~ (hiding).
 52074 | Vaults:5 | 52074 ||| Stepping ~*~*~tactically~*~*~ (hiding).
 52075 | Vaults:5 | 52075 ||| Stepping ~*~*~tactically~*~*~ (hiding).
 52083 | Vaults:5 | 52083 ||| Stepping ~*~*~tactically~*~*~ (hiding).
 52084 | Vaults:5 | 52084 ||| Stepping ~*~*~tactically~*~*~ (hiding).
 52085 | Vaults:5 | 52085 ||| Stepping ~*~*~tactically~*~*~ (hiding).
 52086 | Vaults:5 | 52086 ||| Stepping ~*~*~tactically~*~*~ (hiding).
 52087 | Vaults:5 | 52087 ||| Stepping ~*~*~tactically~*~*~ (hiding).
 52087 | Vaults:5 | Identified the +0 chain mail "Fuuxtup" {-Tele rF+ Regen+}
 52091 | Vaults:5 | Received a gift from Okawaru
 52104 | Vaults:5 | 52104 ||| Stepping ~*~*~tactically~*~*~ (stealth).
 52120 | Vaults:5 | 52120 ||| READING scroll of enchant armour.
 52120 | Vaults:5 | 52120 ||| ENCHANTING +2 crystal plate armour.
 52129 | Vaults:5 | 52129 ||| Stepping ~*~*~tactically~*~*~ (hiding).
 52253 | Vaults:5 | Identified the +0 long sword of Hubris {elec, Will+ MP+9
                  | Dex-4}
 52266 | Vaults:5 | Got a silver rune of Zot
 52333 | Vaults:5 | Identified the +2 morningstar "Hellblazer" {vorpal, rC+}
 52335 | Vaults:5 | Identified the +5 great mace of the Toadstool {vorpal, rC+
                  | Dex+3}
 52343 | Vaults:5 | 52343 ||| INVOKING Heroism.
 52429 | Vaults:5 | Found the +10 Black Knight's barding {ponderous, rPois rN+}
 52436 | Vaults:5 | Identified the +10 plate armour of the Hills {Harm rElec
                  | Slay-4 SInv}
 52447 | Vaults:5 | 52447 ||| INVOKING Heroism.
 52448 | Vaults:5 | 52448 ||| INVOKING Finesse.
 52454 | Vaults:5 | Noticed a golden dragon
 52463 | Vaults:5 | Killed a golden dragon
 52464 | Vaults:5 | Reached skill level 12 in Throwing
 52537 | Vaults:5 | Identified the +9 plate armour of Roclenuvvo {Str+7}
 52577 | Vaults:5 | Noticed a golden dragon
 52578 | Vaults:5 | 52578 ||| Stepping ~*~*~tactically~*~*~ (hiding).
 52580 | Vaults:5 | 52580 ||| Stepping ~*~*~tactically~*~*~ (hiding).
 52581 | Vaults:5 | 52581 ||| Stepping ~*~*~tactically~*~*~ (hiding).
 52582 | Vaults:5 | 52582 ||| INVOKING Heroism.
 52583 | Vaults:5 | 52583 ||| INVOKING Finesse.
 52589 | Vaults:5 | Killed a golden dragon
 52594 | Vaults:5 | 52594 ||| Stepping ~*~*~tactically~*~*~ (hiding).
 52684 | Vaults:5 | 52684 ||| Stepping ~*~*~tactically~*~*~ (hiding).
 52742 | Vaults:5 | 52742 ||| Stepping ~*~*~tactically~*~*~ (hiding).
 52783 | Vaults:5 | 52783 ||| Stepping ~*~*~tactically~*~*~ (stealth).
 52787 | Vaults:5 | 52787 ||| Stepping ~*~*~tactically~*~*~ (hiding).
 52788 | Vaults:5 | 52788 ||| Stepping ~*~*~tactically~*~*~ (hiding).
 52871 | Vaults:5 | Noticed Jory
 52872 | Vaults:5 | 52872 ||| Stepping ~*~*~tactically~*~*~ (hiding).
 52873 | Vaults:5 | 52873 ||| Stepping ~*~*~tactically~*~*~ (hiding).
 52886 | Vaults:5 | 52886 ||| INVOKING Heroism.
 52897 | Vaults:5 | Killed Jory
 52897 | Vaults:5 | Received a gift from Okawaru
 52988 | Vaults:5 | 52988 ||| Stepping ~*~*~tactically~*~*~ (hiding).
 52989 | Vaults:5 | 52989 ||| INVOKING Heroism.
 52990 | Vaults:5 | 52990 ||| Stepping ~*~*~tactically~*~*~ (hiding).
 52991 | Vaults:5 | 52991 ||| INVOKING Finesse.
 53004 | Vaults:5 | Reached XP level 24. HP: 168/168 MP: 25/30
 53028 | Vaults:5 | 53028 ||| Stepping ~*~*~tactically~*~*~ (stealth).
 53054 | Vaults:5 | 53054 ||| Stepping ~*~*~tactically~*~*~ (hiding).
 53057 | Vaults:5 | 53057 ||| INVOKING Heroism.
 53070 | Vaults:5 | 53070 ||| Stepping ~*~*~tactically~*~*~ (hiding).
 53092 | Vaults:5 | 53092 ||| Stepping ~*~*~tactically~*~*~ (hiding).
 53095 | Vaults:5 | Received a gift from Okawaru
 53210 | Vaults:5 | 53210 ||| Stepping ~*~*~tactically~*~*~ (hiding).
 53211 | Vaults:5 | 53211 ||| INVOKING Heroism.
 53222 | Vaults:5 | Reached skill level 22 in Fighting
 53326 | Vaults:5 | 53326 ||| Stepping ~*~*~tactically~*~*~ (stealth).
 53388 | Vaults:5 | 53388 ||| INVOKING Heroism.
 53411 | Vaults:5 | 53411 ||| Stepping ~*~*~tactically~*~*~ (stealth).
 53412 | Vaults:5 | 53412 ||| Stepping ~*~*~tactically~*~*~ (stealth).
 53414 | Vaults:5 | 53414 ||| Stepping ~*~*~tactically~*~*~ (hiding).
 53608 | Vaults:5 | 53608 ||| Stepping ~*~*~tactically~*~*~ (stealth).
 53610 | Vaults:5 | 53610 ||| Stepping ~*~*~tactically~*~*~ (hiding).
 53614 | Vaults:5 | 53614 ||| INVOKING Heroism.
 53740 | Vaults:5 | Identified the +9 sling "Latz" {venom, rC+ Str+2}
 53757 | Vaults:5 | 53757 ||| INVOKING Heroism.
 53787 | Vaults:5 | 53787 ||| Stepping ~*~*~tactically~*~*~ (hiding).
 53809 | Vaults:5 | 53809 ||| INVOKING Heroism.
 53836 | Vaults:5 | 53836 ||| Stepping ~*~*~tactically~*~*~ (hiding).
 53896 | Vaults:5 | 53896 ||| INVOKING Heroism.
 54048 | Vaults:5 | 54048 ||| PLANNING SHOPPING SPREE
 54048 | Vaults:5 | 54048 ||| DROPPING +6 chain mail of Alian {rF+ rCorr}.
 54049 | Vaults:5 | 54049 ||| DROPPING +0 gold dragon scales.
 54050 | Vaults:5 | 54050 ||| DROPPING +2 pair of boots.
 54051 | Vaults:5 | 54051 ||| DROPPING +2 helmet of intelligence.
 54052 | Vaults:5 | 54052 ||| DROPPING +10 plate armour of the Hills {Harm
                  | rElec Slay-4 SInv}.
 54053 | Vaults:5 | 54053 ||| UPGRADING to +9 plate armour of Roclenuvvo
                  | {Str+7}.
 54063 | Vaults:5 | 54063 ||| DROPPING +3 crystal plate armour.
 54064 | Vaults:5 | 54064 ||| DROPPING ring of resist corrosion.
 54065 | Vaults:5 | 54065 ||| UPGRADING to +4 ring of slaying {mikee}.
 54067 | Vaults:5 | 54067 ||| DROPPING ring of positive energy.
 54068 | Vaults:5 | 54068 ||| DROPPING ring of willpower.
 54069 | Vaults:5 | 54069 ||| DROPPING +6 ring of strength.
 54455 | D:3      | 54455 ||| BUYING potion of haste (110 gold).
 54455 | D:3      | Bought a potion of haste for 110 gold pieces
 54455 | D:3      | 54455 ||| BUYING potion of lignification (33 gold).
 54455 | D:3      | Bought a potion of lignification for 33 gold pieces
 54455 | D:3      | 54455 ||| BUYING potion of magic (88 gold).
 54455 | D:3      | Bought a potion of magic for 88 gold pieces
 54455 | D:3      | 54455 ||| BUYING potion of mutation (88 gold).
 54455 | D:3      | Bought a potion of mutation for 88 gold pieces
 54455 | D:3      | 54455 ||| BUYING potion of mutation (88 gold).
 54455 | D:3      | Bought a potion of mutation for 88 gold pieces
 54455 | D:3      | 54455 ||| PLANNING ZOT
 54867 | Zot:1    | Entered Level 1 of the Realm of Zot
 54880 | Zot:1    | Reached skill level 9 in Dodging
 55057 | Zot:1    | 55057 ||| Stepping ~*~*~tactically~*~*~ (hiding).
 55060 | Zot:1    | 55060 ||| INVOKING Heroism.
 55148 | Zot:1    | 55148 ||| INVOKING Heroism.
 55262 | Zot:1    | Identified the +9 plate armour "Iptef" {*Slow Will+ MP+9}
 55385 | Zot:1    | 55385 ||| READING scroll of acquirement.
 55385 | Zot:1    | 55385 ||| ACQUIRING 551 gold pieces
 55385 | Zot:1    | Acquired 551 gold pieces
 55431 | Zot:1    | 55431 ||| Stepping ~*~*~tactically~*~*~ (hiding).
 55435 | Zot:1    | 55435 ||| INVOKING Heroism.
 55553 | Zot:1    | Identified the +10 giant club of Wrongful Imprisonment
                  | {vorpal, +Blink rF- MP+9}
 55775 | Zot:1    | 55775 ||| INVOKING Heroism.
 55777 | Zot:1    | Received a gift from Okawaru
 55902 | Zot:1    | 55902 ||| UPGRADING to scarf of resistance.
 56289 | Zot:2    | Identified the +7 broad axe of Facueb {drain, Fragile
                  | Int+9} (Okawaru gifted it to you on level 2 of the Realm of
                  | Zot)
 56289 | Zot:2    | Received a gift from Okawaru
 56291 | Zot:2    | 56291 ||| DROPPING +7 broad axe of Facueb {drain, Fragile
                  | Int+9}.
 56364 | Zot:2    | 56364 ||| FLEEEEING.
 56365 | Zot:2    | 56365 ||| FLEEEEING.
 56366 | Zot:2    | 56366 ||| FLEEEEING.
 56367 | Zot:2    | 56367 ||| FLEEEEING.
 56368 | Zot:2    | 56368 ||| FLEEEEING.
 56376 | Zot:2    | 56376 ||| FLEEEEING.
 56377 | Zot:2    | 56377 ||| FLEEEEING.
 56378 | Zot:2    | 56378 ||| FLEEEEING.
 56379 | Zot:2    | 56379 ||| FLEEEEING.
 56380 | Zot:2    | 56380 ||| FLEEEEING.
 56381 | Zot:2    | 56381 ||| FLEEEEING.
 56382 | Zot:2    | 56382 ||| FLEEEEING.
 56384 | Zot:2    | 56384 ||| FLEEEEING.
 56386 | Zot:2    | 56386 ||| FLEEEEING.
 56388 | Zot:2    | 56388 ||| FLEEEEING.
 56389 | Zot:2    | 56389 ||| Stepping ~*~*~tactically~*~*~ (hiding).
 56392 | Zot:2    | 56392 ||| INVOKING Heroism.
 56442 | Zot:2    | 56442 ||| Stepping ~*~*~tactically~*~*~ (hiding).
 56446 | Zot:2    | 56446 ||| INVOKING Heroism.
 56563 | Zot:2    | 56563 ||| Stepping ~*~*~tactically~*~*~ (hiding).
 56754 | Zot:3    | 56754 ||| STAIRDANCE
 56771 | Zot:3    | 56771 ||| STAIRDANCE
 56775 | Zot:2    | 56775 ||| INVOKING Heroism.
 56829 | Zot:3    | 56829 ||| STAIRDANCE
 56977 | Zot:3    | 56977 ||| INVOKING Heroism.
 57045 | Zot:3    | 57045 ||| INVOKING Heroism.
 57093 | Zot:3    | 57093 ||| FLEEEEING.
 57094 | Zot:3    | 57094 ||| FLEEEEING.
 57095 | Zot:3    | 57095 ||| FLEEEEING.
 57096 | Zot:3    | 57096 ||| FLEEEEING.
 57097 | Zot:3    | 57097 ||| FLEEEEING.
 57098 | Zot:3    | 57098 ||| FLEEEEING.
 57099 | Zot:3    | 57099 ||| FLEEEEING.
 57100 | Zot:3    | 57100 ||| FLEEEEING.
 57101 | Zot:3    | 57101 ||| FLEEEEING.
 57102 | Zot:3    | 57102 ||| FLEEEEING.
 57103 | Zot:3    | 57103 ||| FLEEEEING.
 57104 | Zot:3    | 57104 ||| FLEEEEING.
 57105 | Zot:3    | 57105 ||| FLEEEEING.
 57106 | Zot:3    | 57106 ||| FLEEEEING.
 57107 | Zot:3    | 57107 ||| FLEEEEING.
 57108 | Zot:3    | 57108 ||| FLEEEEING.
 57109 | Zot:3    | 57109 ||| FLEEEEING.
 57111 | Zot:3    | 57111 ||| INVOKING Heroism.
 57160 | Zot:3    | 57160 ||| INVOKING Heroism.
 57210 | Zot:3    | 57210 ||| Stepping ~*~*~tactically~*~*~ (hiding).
 57218 | Zot:3    | 57218 ||| INVOKING Heroism.
 57236 | Zot:3    | 57236 ||| Stepping ~*~*~tactically~*~*~ (stealth).
 57346 | Zot:3    | Identified the +8 broad axe of Regicide {vorpal, rC+ SInv}
                  | (Okawaru gifted it to you on level 3 of the Realm of Zot)
 57346 | Zot:3    | Received a gift from Okawaru
 57349 | Zot:3    | Reached skill level 23 in Fighting
 57353 | Zot:3    | 57353 ||| SWAPPING to +8 broad axe of Regicide {vorpal, rC+
                  | SInv}.
 57388 | Zot:3    | 57388 ||| Stepping ~*~*~tactically~*~*~ (hiding).
 57393 | Zot:3    | 57393 ||| INVOKING Heroism.
 57457 | Zot:3    | 57457 ||| INVOKING Heroism.
 57557 | Zot:3    | 57557 ||| FLEEEEING.
 57558 | Zot:3    | 57558 ||| FLEEEEING.
 57559 | Zot:3    | 57559 ||| FLEEEEING.
 57560 | Zot:3    | 57560 ||| FLEEEEING.
 57561 | Zot:3    | 57561 ||| FLEEEEING.
 57562 | Zot:3    | 57562 ||| FLEEEEING.
 57564 | Zot:3    | 57564 ||| FLEEEEING.
 57565 | Zot:3    | 57565 ||| FLEEEEING.
 57566 | Zot:3    | 57566 ||| FLEEEEING.
 57567 | Zot:3    | 57567 ||| FLEEEEING.
 57568 | Zot:3    | 57568 ||| FLEEEEING.
 57574 | Zot:3    | Reached XP level 25. HP: 161/176 MP: 30/30
 57721 | Zot:3    | 57721 ||| INVOKING Heroism.
 58120 | Zot:3    | 58120 ||| Stepping ~*~*~tactically~*~*~ (hiding).
 58163 | Zot:3    | 58163 ||| Stepping ~*~*~tactically~*~*~ (hiding).
 58166 | Zot:3    | 58166 ||| INVOKING Heroism.
 58187 | Zot:3    | 58187 ||| Stepping ~*~*~tactically~*~*~ (hiding).
 58227 | Zot:3    | 58227 ||| DROPPING ring of ice.
 58254 | Zot:4    | 58254 ||| INVOKING Heroism.
 58305 | Zot:4    | 58305 ||| Stepping ~*~*~tactically~*~*~ (hiding).
 58310 | Zot:4    | 58310 ||| Stepping ~*~*~tactically~*~*~ (hiding).
 58319 | Zot:4    | 58319 ||| Stepping ~*~*~tactically~*~*~ (hiding).
 58437 | Zot:4    | 58437 ||| INVOKING Heroism.
 58460 | Zot:4    | Received a gift from Okawaru
 58481 | Zot:4    | 58481 ||| INVOKING Heroism.
 58515 | Zot:4    | Reached skill level 24 in Fighting
 58676 | Zot:4    | 58676 ||| INVOKING Heroism.
 58806 | Zot:4    | 58806 ||| INVOKING Heroism.
 59203 | Zot:4    | 59203 ||| Stepping ~*~*~tactically~*~*~ (stealth).
 59204 | Zot:4    | Noticed a Killer Klown
 59205 | Zot:4    | 59205 ||| Stepping ~*~*~tactically~*~*~ (hiding).
 59210 | Zot:4    | 59210 ||| INVOKING Heroism.
 59211 | Zot:4    | 59211 ||| INVOKING Finesse.
 59223 | Zot:4    | 59223 ||| Stepping ~*~*~tactically~*~*~ (hiding).
 59233 | Zot:4    | 59233 ||| Stepping ~*~*~tactically~*~*~ (hiding).
 59237 | Zot:4    | Killed a Killer Klown
 59347 | Zot:5    | Entered Level 5 of the Realm of Zot
 59393 | Zot:5    | 59393 ||| INVOKING Heroism.
 59397 | Zot:5    | 59397 ||| Stepping ~*~*~tactically~*~*~ (hiding).
 59424 | Zot:5    | HP: 30/180 [yellow draconian annihilator/crystal spear[a
                  | green draconian monk] (35)]
 59425 | Zot:5    | 59425 ||| READING 13 scrolls of teleportation.
 59426 | Zot:5    | 59426 ||| DRINKING 9 potions of heal wounds.
 59427 | Zot:5    | 59427 ||| DRINKING 8 potions of heal wounds.
 59428 | Zot:5    | 59428 ||| DRINKING 7 potions of heal wounds.
 59429 | Zot:5    | 59429 ||| INVOKING Heroism.
 59433 | Zot:5    | HP: 39/180 [green draconian monk[a purple draconian
                  | shifter] (9)]
 59434 | Zot:5    | 59434 ||| DRINKING 6 potions of heal wounds.
 59437 | Zot:5    | 59437 ||| DRINKING 5 potions of heal wounds.
 59439 | Zot:5    | HP: 42/180 [black draconian/+0 scimitar[a purple draconian
                  | shifter] (11)]
 59440 | Zot:5    | 59440 ||| DRINKING 4 potions of heal wounds.
 59441 | Zot:5    | Noticed an orb of fire
 59441 | Zot:5    | Lost mutation: You are agile. (Dex +4, Str/Int -1) [an orb
                  | of fire]
 59442 | Zot:5    | 59442 ||| READING 12 scrolls of teleportation.
 59443 | Zot:5    | Noticed a dread lich
 59443 | Zot:5    | Noticed an orb of fire
 59443 | Zot:5    | Noticed a Killer Klown
 59443 | Zot:5    | Noticed a Killer Klown
 59444 | Zot:5    | 59444 ||| DRINKING 3 potions of heal wounds.
 59444 | Zot:5    | HP: 32/180 [orb of fire/bolt of fire (27)]
 59445 | Zot:5    | 59445 ||| DRINKING 2 potions of heal wounds.
 59447 | Zot:5    | 59447 ||| DRINKING potion of heal wounds.
 59449 | Zot:5    | Gained mutation: You are frail. (-10% HP) [an orb of fire]
 59450 | Zot:5    | Gained mutation: Your magical capacity is low. (-10% MP)
                  | [an orb of fire]
 59451 | Zot:5    | 59451 ||| INVOKING Heroism.
 59451 | Zot:5    | HP: 6/162 [orb of fire/bolt of fire (38)]
 59451 | Zot:5    | Killed from afar by an orb of fire

Levels and vault maps discovered:
D:1:      lightli_arrival_lavapool, layout_basic, serial_forest,
          infiniplex_forest_clump_medium, infiniplex_forest_lined_room_2,
          infiniplex_forest_straight_3, infiniplex_forest_clump_small,
          infiniplex_forest_end_2, infiniplex_forest_diagonal,
          infiniplex_forest_clump_tiny, infiniplex_forest_straight_2
D:2:      layout_basic, serial_shops, nicolae_shop_bloodbath_and_beyond,
          shapermc_ecumenical_altar_acropolis, grunt_decor_mini_mirrors,
          uniq_terence
D:3:      layout_basic, vehumet_altar_wand_db,
          mainiacjoe_overflow_catwalk_spiral, serial_glass, glass_columns_a,
          glass_columns_a, serial_shops, shop, nicolae_eternal_life, uniq_robin,
          uniq_pargi
D:4:      layout_gridville, minmay_temple_entry_grid
D:5:      layout_basic, nicolae_dithmenos_shadow_blocks
D:6:      layout_rooms, nicolae_underground_beach
D:7:      layout_basic, nicolae_overflow_crystal_walls,
          makhleb_blood_cavern_becter, dancing_weapons_uskayaw
D:8:      cheibrodos_shockbox, layout_basic, nrook_uturn
D:9:      layout_roguey, lemuel_round_altar, kennysheep_little_box,
          serial_shops, nicolae_shop_hallway_stairs, guppyfry_shop_venom
D:10:     layout_cave_pools, lair_entry_dummy, erik_orc_3, serial_gnoll_camp,
          gnoll_camp_mini_loothouse, gnoll_camp_mini_hut,
          gnoll_camp_mini_doghouse, gnoll_camp_mini_hut, gnoll_camp_mini_house,
          gnoll_camp_huts_basic, nrook_pool_corridor, pond, uniq_maurice,
          uniq_snorg, uniq_amaemon
D:11:     layout_basic, serial_glass, glass_columns_a, glass_columns_b,
          glass_columns_a, glass_columns_b, glass_columns_a, glass_columns_a,
          glass_columns_a, glass_columns_c, glass_columns_c,
          roderic_st_hans_cross, hangedman_ranch
D:12:     minmay_the_grid_octo_tiled_squarecenter [minmay_the_grid_octo_horde,
          minmay_the_grid_octo_checkerflower,
          minmay_the_grid_octo_vomiting_pacman, minmay_the_grid_octo_teeth,
          minmay_the_grid_square_5x5_megaprize_diamond,
          minmay_the_grid_square_5x5_fancy_junction,
          minmay_the_grid_square_5x5_checkered,
          minmay_the_grid_square_5x5_longway, minmay_the_grid_square_5x5_mess],
          layout_cave_pools
D:13:     layout_gridville
D:14:     layout_roguey, david_vaults_1, old_standard_altar,
          hangedman_glass_garden
D:15:     grunt_enter_depths_snipers, layout_basic, minmay_misc_feat_five,
          serial_park_tiny_pond
Temple:   dshaligram_water_room_temple
Lair:1:   layout_cellular_growth, roderic_batcave, nicolae_lair_lindhole,
          infiniplex_staircase_pool_2
Lair:2:   lemuel_ratsnest, layout_chaotic_city,
          hellmonk_spider_entry_not_the_bees, serial_bayou_lagoon_a,
          minmay_stone_trees_small, uniq_nergalle, uniq_urug
Lair:3:   layout_gridlike, swamp_mist_pool, portal_ice_cave_entry_pillars_1,
          serial_bayou_shore_b, grunt_megastairs_3, uniq_sonja, uniq_gastronok
Lair:4:   layout_cave_pods, ice2_lemuel, lemuel_fruit_fields, grunt_megastairs_2
Lair:5:   grunt_lair_end_beastmaster, layout_cave_pods, slime_entry_1,
          grunt_megastairs_1
Swamp:1:  layout_basic_swamp, hangedman_swamp_ruin_wall,
          infiniplex_staircase_pool
Swamp:2:  layout_basic_swamp, evilmike_swamp_ruin_house_2, uniq_aizul
Swamp:3:  layout_falls_marsh, gammafunk_ghost_berserking_beasts,
          evilmike_swamp_ruin_rubble_2, swamp_pool5
Swamp:4:  swamp_old_school, layout_basic_swamp, swamp_pool2
Spider:1: layout_spider_delve, uniq_josephine
Spider:2: layout_spider_delve
Spider:3: layout_spider_delve, uniq_agnes
Spider:4: grunt_spider_rune_parallel
Orc:1:    layout_diamond_mine, serial_shops, shop, ebering_ghost_inner_flame
Orc:2:    st_orc_elflike, layout_diamond_mine, mines2_lemuel, uniq_nessos,
          uniq_jorgrun
Vaults:1: mu_enter_wizlab_2, hangedman_vaults_trim, v_misc_1, v_misc_11,
          v_pattern_5, hangedman_vaults_maws, v_misc_26, vaults_room_pool,
          vaults_mumra_chevron, minmay_guarded_unrand_secular_launcher,
          vaults_dpeg_emergency_exit, layout_vaults_omnigrid
Vaults:2: v_misc_3, nicolae_vaults_network_quinsquares
          [nicolae_vaults_network_quincunx_subvault,
          nicolae_vaults_network_quincunx_subvault,
          nicolae_vaults_network_quincunx_subvault,
          nicolae_vaults_network_quincunx_subvault], v_misc_31,
          special_room_vaults [special_room_orc],
          minmay_crypt_entry_simple_statues, vaults_dpeg_diagonal,
          layout_vaults_chaotic_city
Vaults:3: v_misc_32, nicolae_vaults_circle_grid_a, hangedman_vaults_variations,
          v_rooms_2, v_rooms_4, nicolae_vaults_circle_grid_a,
          hangedman_vaults_nails, hangedman_vaults_river_flow,
          ontoclasm_vaults_bender, v_misc_15, v_misc_16, layout_vaults_maze,
          enter_trove_1, serial_shops, nicolae_shop_crystal
Vaults:4: hangedman_vaults_maws, v_misc_12, ontoclasm_vaults_ring_square,
          nicolae_vaults_holding_cells, hangedman_vaults_trim,
          ontoclasm_vaults_ligature, ontoclasm_vaults_hangar, v_misc_14,
          vaults_mumra_minichess_inversion, hangedman_vaults_pinch,
          v_alt_pattern_2, nicolae_vaults_little_squares_4,
          ontoclasm_vaults_pinch, ontoclasm_vaults_claustrophobia,
          layout_vaults_omnibox
Vaults:5: uniq_jory
Depths:1: layout_cave_pools, hangedman_abyss_or_decor_jellyfish_corner,
          lightli_too_deep, minmay_librarian
Depths:2: cheibrodos_salmonella, layout_gridlike, abyss_entry, pan_entry,
          serial_sigils_hangedman_gnaw, grunt_hell_entry_dis_mu
Depths:3: lemuel_troll_bridge, layout_cave_shapes, enter_ziggurat_f, hell_entry,
          abyss_entry_glasseish, infiniplex_staircase_pillars_1
Depths:4: grunt_profane_halls [grunt_profane_temple_geh,
          grunt_profane_temple_coc, grunt_profane_temple_dis,
          grunt_profane_temple_tar, grunt_zot_portal], hell_entry
Zot:1:    layout_gridlike
Zot:2:    layout_gridlike, lemuel_flame_loot_1, grunt_megastairs_4
Zot:3:    layout_gridlike, grunt_ministairs_5, grunt_megastairs_5
Zot:4:    layout_onion_interference
Zot:5:    layout_concentric_octagons

Skill      XL: |  1  2  3  4  5  6  7  8  9 10 11 12 13 14 15 16 17 18 19 20 21 22 23 24 25 |
---------------+----------------------------------------------------------------------------+-----
Axes           | 2 3 5 7 8 9 10 11 12 14 15 16 17 18 | 18.0
Fighting       | 4 5 7 8 9 10 11 12 13 15 16 17 18 20 21 23 24 | 24.6
Throwing       | 2 3 4 5 7 9 10 12 13 14 | 14.0
Dodging        | 1 2 3 4 6 7 8 10 | 10.0
Invocations    | 1 4 7 10 | 10.0
Armour         | 4 5 7 11 13 14 15 17 18 19 21 22 | 22.0
Shields        | 4 5 6 7 8 13 14 15 19 20 21 22 | 22.0

Action                   |  1- 3 |  4- 6 |  7- 9 | 10-12 | 13-15 | 16-18 | 19-21 | 22-24 | 25-27 || total
-------------------------+-------+-------+-------+-------+-------+-------+-------+-------+-------++-------
Melee: War axe           |   121 |    86 |   217 |   620 |    83 |       |       |       |       ||  1127
       Kick              |       |       |    31 |    36 |       |       |       |       |       ||    67
       Demon whip        |       |       |       |    13 |    89 |    87 |       |       |       ||   189
       Broad axe         |       |       |       |       |  1003 |  1247 |  1328 |  1397 |   296 ||  5271
Throw: Boomerang         |       |    44 |    44 |    60 |    86 |   284 |    55 |     7 |       ||   580
       Javelin           |       |     3 |    13 |    33 |   108 |    27 |    45 |    89 |    10 ||   328
Invok: Heroism           |       |       |     8 |    31 |    45 |    55 |    43 |    53 |    11 ||   246
       Finesse           |       |       |       |     3 |    14 |    13 |     8 |    15 |     1 ||    54
  Use: Scroll            |     4 |     7 |     8 |    11 |     8 |     5 |     1 |     4 |     2 ||    50
       Potion            |     1 |       |     2 |       |     2 |     5 |       |       |     9 ||    19
 Stab: Distracted        |       |       |       |       |     1 |       |     1 |       |       ||     2
       Petrifying        |       |       |       |       |     2 |       |       |       |       ||     2
       Petrified         |       |       |       |       |     2 |       |       |       |       ||     2
       Confused          |       |       |       |       |       |       |     4 |     1 |       ||     5
Armor: Scale mail        |    52 |       |       |       |       |       |       |       |       ||    52
       Chain mail        |    12 |    59 |   145 |   273 |       |       |       |       |       ||   489
       Crystal plate arm |       |       |       |    85 |   727 |   907 |   591 |   313 |       ||  2623
       Plate armour      |       |       |       |       |       |       |       |   130 |   182 ||   312
Dodge: Dodged            |    52 |    32 |    81 |   197 |   227 |   341 |   253 |   258 |   121 ||  1562
Block: Buckler           |    23 |    16 |    44 |   164 |   306 |       |       |       |       ||   553
       Reflection        |       |       |       |     2 |     1 |    12 |    55 |    37 |     4 ||   111
       Kite shield       |       |       |       |       |    12 |  1047 |   243 |       |       ||  1302
       Tower shield      |       |       |       |       |       |       |   979 |  1234 |   411 ||  2624

Table legend:
 A = Non-vault XP
 B = Vault XP
 C = Vault XP percentage of total XP
 D = Non-vault monster count
 E = Vault monster count
 F = Vault count percentage of total count
                 A         B        C        D         E       F
            +---------+---------+-------+---------+---------+-------
      Total |  598931 |  457857 |  43.3 |    1264 |     708 |  35.9
            +---------+---------+-------+---------+---------+-------
        D:1 |      46 |       0 |   0.0 |      27 |       0 |   0.0
        D:2 |      52 |      36 |  40.9 |      13 |       1 |   7.1
        D:3 |     140 |     167 |  54.4 |      19 |      13 |  40.6
        D:4 |     385 |       0 |   0.0 |      24 |       0 |   0.0
        D:5 |    1116 |       0 |   0.0 |      20 |       0 |   0.0
        D:6 |     590 |       0 |   0.0 |      16 |       0 |   0.0
        D:7 |     714 |      43 |   5.7 |      15 |       1 |   6.2
        D:8 |    2544 |       0 |   0.0 |      39 |       0 |   0.0
        D:9 |    2004 |     345 |  14.7 |      17 |       5 |  22.7
       D:10 |    1685 |    4710 |  73.7 |      24 |      55 |  69.6
       D:11 |    5801 |    1653 |  22.2 |      37 |       6 |  14.0
       D:12 |    5228 |   11459 |  68.7 |      22 |      25 |  53.2
       D:13 |   10475 |       0 |   0.0 |      22 |       0 |   0.0
       D:14 |    8354 |    2102 |  20.1 |      23 |       3 |  11.5
       D:15 |   11080 |    2721 |  19.7 |      25 |       3 |  10.7
     Lair:1 |    4162 |    1379 |  24.9 |      20 |      12 |  37.5
     Lair:2 |    7796 |    2886 |  27.0 |      31 |      45 |  59.2
     Lair:3 |    5264 |    3084 |  36.9 |      23 |       4 |  14.8
     Lair:4 |    4895 |    2685 |  35.4 |      17 |      12 |  41.4
     Lair:5 |    9528 |   10946 |  53.5 |      29 |      22 |  43.1
    Swamp:1 |   10950 |       0 |   0.0 |      22 |       0 |   0.0
    Swamp:2 |    7272 |    1213 |  14.3 |      15 |       1 |   6.2
    Swamp:3 |   10673 |    3663 |  25.6 |      17 |       7 |  29.2
    Swamp:4 |   18965 |   19808 |  51.1 |      36 |      27 |  42.9
   Spider:1 |   23700 |    1523 |   6.0 |      71 |       4 |   5.3
   Spider:2 |   13159 |       0 |   0.0 |      27 |       0 |   0.0
   Spider:3 |   14113 |    1463 |   9.4 |      42 |       1 |   2.3
   Spider:4 |   24866 |   14743 |  37.2 |      59 |      29 |  33.0
      Orc:1 |    3504 |       0 |   0.0 |      36 |       0 |   0.0
      Orc:2 |    5399 |   11253 |  67.6 |      46 |      27 |  37.0
   Vaults:1 |   35261 |   28031 |  44.3 |      53 |      38 |  41.8
   Vaults:2 |   34393 |   21488 |  38.5 |      49 |      46 |  48.4
   Vaults:3 |   25779 |   27732 |  51.8 |      34 |      40 |  54.1
   Vaults:4 |   19897 |   54108 |  73.1 |      24 |      69 |  74.2
   Vaults:5 |   18990 |   90965 |  82.7 |      26 |      77 |  74.8
   Depths:1 |   16887 |    4611 |  21.4 |      23 |       4 |  14.8
   Depths:2 |   16033 |   21106 |  56.8 |      19 |      19 |  50.0
   Depths:3 |   28384 |    9567 |  25.2 |      39 |      13 |  25.0
   Depths:4 |    8816 |   85982 |  90.7 |      12 |      85 |  87.6
      Zot:1 |   37082 |       0 |   0.0 |      35 |       0 |   0.0
      Zot:2 |   11289 |    9529 |  45.8 |       8 |       8 |  50.0
      Zot:3 |   54362 |    6856 |  11.2 |      43 |       6 |  12.2
      Zot:4 |   63840 |       0 |   0.0 |      53 |       0 |   0.0
      Zot:5 |   13458 |       0 |   0.0 |      12 |       0 |   0.0
            +---------+---------+-------+---------+---------+-------
